Workbook
Name А1: #REF!
Name А1: #REF!
Name А1: #REF!
Name А1: #REF!
Name А1: #REF!
Name А1: #REF!
Name А1: #REF!
Name Выбор_1.1: 'Показатель 6.2'!$C$5:$C$6
Name Выбор_1.1: 'Показатель 6.3'!$C$5:$C$6
Name Выбор_1.1: 'Показатель 7.1'!$C$5:$C$6
Name Выбор_1.1: 'Показатель 6.1'!$C$5:$C$6
Name Выбор_1.2: #REF!
Name Выбор_1.2: 'Показатель 5.1'!$C$5:$C$6
Name Выбор_1.2: 'Показатель 5.2'!$C$5:$C$6
Name Выбор_1.2: #REF!
Name Выбор_1.3: #REF!
Name Выбор_1.3: #REF!
Name Выбор_1.3: #REF!
Name Выбор_1.3: #REF!
Name Выбор_1.3: #REF!
Name Выбор_1.3: #REF!
Name Выбор_1.3: #REF!
Name Выбор_4.1: #REF!
Name Выбор_4.1: #REF!
Name Выбор_4.1: #REF!
Name Выбор_4.1: #REF!
Name Выбор_4.1: #REF!
Name Выбор_4.1: #REF!
Name Выбор_4.1: #REF!
Name Выбор_4.2: '[1]Показатель 4.2'!$C$5:$C$8
Name Выбор_4.3: '[1]Показатель 4.3'!$C$5:$C$7
Name Выбор_4.4: '[1]Показатель 4.4'!$C$6:$C$8
Name Выбор1.1: #REF!
Name Выбор1.1: #REF!
Name Выбор1.1: #REF!
Name Выбор1.1: #REF!
Name Выбор1.1: #REF!
Name Выбор1.1: #REF!
Name Выбор1.1: #REF!
Name Да_нет: #REF!
Name Да_нет: #REF!
Name Да_нет: #REF!
Name Да_нет: #REF!
Name Да_нет: #REF!
Name Да_нет: #REF!
Name Да_нет: #REF!
Name Коэфициент: [1]Параметры!$C$3:$C$4
Name Формат: Параметры!$C$3:$C$4

Sheet Оценка (Этап I - III)
A1: Оценка муниципальных образований по I - III этапам
A2: Календарный период | B2: 2016 год
A3: Наименование муниципального образования Саратовской обалсти | B3: Итого по I - III этапам | C3: Итого по III этапу | D3: Итого по II этапу | E3: Итого по I этапу
A4: Единица измерения | B4: баллов | C4: баллов | D4: баллов | E4: баллов
A5: Максимальный балл | B5: =SUM(C5:E5) -> 30 | C5: 10 | D5: 10 | E5: 10
A6: Городские округа
A7: г. Саратов | B7: =SUM(C7:E7) -> 10.75 | C7: ='Оценка (Этап III)'!B7 -> 3 | D7: 3.75 | E7: 4
A8: ЗАТО Михайловское | B8: =SUM(C8:E8) -> 6 | C8: ='Оценка (Этап III)'!B8 -> 3 | D8: 1 | E8: 2
A9: ЗАТО Светлый | B9: =SUM(C9:E9) -> 9.75 | C9: ='Оценка (Этап III)'!B9 -> 5 | D9: 2.75 | E9: 2
A10: ЗАТО Шиханы | B10: =SUM(C10:E10) -> 4.5 | C10: ='Оценка (Этап III)'!B10 -> 0 | D10: 4.5 | E10: 0
A11: Муниципальные районы
A12: Александрово-Гайский | B12: =SUM(C12:E12) -> 6.75 | C12: ='Оценка (Этап III)'!B12 -> 2 | D12: 0.75 | E12: 4
A13: Аркадакский | B13: =SUM(C13:E13) -> 7 | C13: ='Оценка (Этап III)'!B13 -> 2 | D13: 0 | E13: 5
A14: Аткарский | B14: =SUM(C14:E14) -> 7.75 | C14: ='Оценка (Этап III)'!B14 -> 3 | D14: 0.75 | E14: 4
A15: Базарно-Карабулакский | B15: =SUM(C15:E15) -> 11 | C15: ='Оценка (Этап III)'!B15 -> 4.25 | D15: 2.75 | E15: 4
A16: Балаковский | B16: =SUM(C16:E16) -> 20 | C16: ='Оценка (Этап III)'!B16 -> 7 | D16: 6 | E16: 7
A17: Балашовский | B17: =SUM(C17:E17) -> 4.25 | C17: ='Оценка (Этап III)'!B17 -> 0 | D17: 0.25 | E17: 4
A18: Балтайский | B18: =SUM(C18:E18) -> 6 | C18: ='Оценка (Этап III)'!B18 -> 2 | D18: 0 | E18: 4
A19: Вольский | B19: =SUM(C19:E19) -> 5 | C19: ='Оценка (Этап III)'!B19 -> 1 | D19: 2 | E19: 2
A20: Воскресенский | B20: =SUM(C20:E20) -> 3.5 | C20: ='Оценка (Этап III)'!B20 -> 0 | D20: 0.5 | E20: 3
A21: Дергачевский | B21: =SUM(C21:E21) -> 14.5 | C21: ='Оценка (Этап III)'!B21 -> 6 | D21: 5.5 | E21: 3
A22: Духовницкий | B22: =SUM(C22:E22) -> 7.5 | C22: ='Оценка (Этап III)'!B22 -> 2 | D22: 0.5 | E22: 5
A23: Екатериновский | B23: =SUM(C23:E23) -> 4.25 | C23: ='Оценка (Этап III)'!B23 -> 2 | D23: 0.25 | E23: 2
... A49: Энгельсский | B49: =SUM(C49:E49) -> 12.25 | C49: ='Оценка (Этап III)'!B49 -> 3 | D49: 3.25 | E49: 6

Sheet Оценка (Этап III)
A1: Оценка муниципальных образований по III этапу «Исполнение бюджета муниципального образования и финансовый контроль»
A2: Календарный период | B2: 2016 год
A3: Наименование муниципального образования Саратовской обалсти | B3: Итого по III этапу | C3: ='Показатель 5.1'!A1 -> 5.1. Внесение изменений в решение о бюджете муниципального образования на текущий финансовый год (текущий финансовый год и плановый период) на портале (сайте) | D3: ='Показатель 5.2'!A1 -> 5.2. Актуализированная версия решения о бюджете муниципального образования на текущий финансовый год (текущий финансовый год и плановый период) с учетом внесенных изменений на портале (сайте) | E3: ='Показатель 6.1'!A1 -> 6.1. Отчеты об исполнении бюджета муниципального образования за первый квартал, полугодие, девять месяцев текущего финансового года на портале (сайте) | F3: ='Показатель 6.2'!A1 -> 6.2. Ежеквартальные сведения об исполнении бюджета муниципального образования | G3: ='Показатель 6.3'!A1 -> 6.3. Ежеквартальные сведения об объеме муниципального долга муниципального образования | H3: ='Показатель 7.1'!A1 -> 7.1. Информация о проведенных в текущем финансовом году контрольных мероприятиях контрольно-счетным органом муниципального образования на портале (сайте)
A4: Единица измерения | B4: баллов | C4: баллов | D4: баллов | E4: баллов | F4: баллов | G4: баллов | H4: баллов
A5: Максимальный балл | B5: =SUM(C5:H5) -> 10 | C5: ='Методика III этап'!C9 -> 2 | D5: ='Методика III этап'!C13 -> 2 | E5: ='Методика III этап'!C19 -> 1 | F5: ='Методика III этап'!C23 -> 2 | G5: ='Методика III этап'!C28 -> 1 | H5: ='Методика III этап'!C33 -> 2
A6: Городские округа
A7: г. Саратов | B7: =SUM(C7:H7) -> 3 | C7: ='Показатель 5.1'!J8 -> 1 | D7: ='Показатель 5.2'!J9 -> 0 | E7: ='Показатель 6.1'!J8 -> 1 | F7: ='Показатель 6.2'!J9 -> 0 | G7: ='Показатель 6.3'!J8 -> 1 | H7: ='Показатель 7.1'!J9 -> 0
A8: ЗАТО Михайловское | B8: =SUM(C8:H8) -> 3 | C8: ='Показатель 5.1'!J9 -> 0 | D8: ='Показатель 5.2'!J10 -> 0 | E8: ='Показатель 6.1'!J9 -> 0 | F8: ='Показатель 6.2'!J10 -> 1 | G8: ='Показатель 6.3'!J9 -> 0 | H8: ='Показатель 7.1'!J10 -> 2
A9: ЗАТО Светлый | B9: =SUM(C9:H9) -> 5 | C9: ='Показатель 5.1'!J10 -> 2 | D9: ='Показатель 5.2'!J11 -> 1 | E9: ='Показатель 6.1'!J10 -> 0 | F9: ='Показатель 6.2'!J11 -> 0 | G9: ='Показатель 6.3'!J10 -> 1 | H9: ='Показатель 7.1'!J11 -> 1
A10: ЗАТО Шиханы | B10: =SUM(C10:H10) -> 0 | C10: ='Показатель 5.1'!J11 -> 0 | D10: ='Показатель 5.2'!J12 -> 0 | E10: ='Показатель 6.1'!J11 -> 0 | F10: ='Показатель 6.2'!J12 -> 0 | G10: ='Показатель 6.3'!J11 -> 0 | H10: ='Показатель 7.1'!J12 -> 0
A11: Муниципальные районы
A12: Александрово-Гайский | B12: =SUM(C12:H12) -> 2 | C12: ='Показатель 5.1'!J13 -> 2 | D12: ='Показатель 5.2'!J14 -> 0 | E12: ='Показатель 6.1'!J13 -> 0 | F12: ='Показатель 6.2'!J14 -> 0 | G12: ='Показатель 6.3'!J13 -> 0 | H12: ='Показатель 7.1'!J14 -> 0
A13: Аркадакский | B13: =SUM(C13:H13) -> 2 | C13: ='Показатель 5.1'!J14 -> 1 | D13: ='Показатель 5.2'!J15 -> 1 | E13: ='Показатель 6.1'!J14 -> 0 | F13: ='Показатель 6.2'!J15 -> 0 | G13: ='Показатель 6.3'!J14 -> 0 | H13: ='Показатель 7.1'!J15 -> 0
A14: Аткарский | B14: =SUM(C14:H14) -> 3 | C14: ='Показатель 5.1'!J15 -> 2 | D14: ='Показатель 5.2'!J16 -> 0.5 | E14: ='Показатель 6.1'!J15 -> 0.5 | F14: ='Показатель 6.2'!J16 -> 0 | G14: ='Показатель 6.3'!J15 -> 0 | H14: ='Показатель 7.1'!J16 -> 0
A15: Базарно-Карабулакский | B15: =SUM(C15:H15) -> 4.25 | C15: ='Показатель 5.1'!J16 -> 2 | D15: ='Показатель 5.2'!J17 -> 2 | E15: ='Показатель 6.1'!J16 -> 0.25 | F15: ='Показатель 6.2'!J17 -> 0 | G15: ='Показатель 6.3'!J16 -> 0 | H15: ='Показатель 7.1'!J17 -> 0
A16: Балаковский | B16: =SUM(C16:H16) -> 7 | C16: ='Показатель 5.1'!J17 -> 2 | D16: ='Показатель 5.2'!J18 -> 1 | E16: ='Показатель 6.1'!J17 -> 1 | F16: ='Показатель 6.2'!J18 -> 1 | G16: ='Показатель 6.3'!J17 -> 1 | H16: ='Показатель 7.1'!J18 -> 1
A17: Балашовский | B17: =SUM(C17:H17) -> 0 | C17: ='Показатель 5.1'!J18 -> 0 | D17: ='Показатель 5.2'!J19 -> 0 | E17: ='Показатель 6.1'!J18 -> 0 | F17: ='Показатель 6.2'!J19 -> 0 | G17: ='Показатель 6.3'!J18 -> 0 | H17: ='Показатель 7.1'!J19 -> 0
A18: Балтайский | B18: =SUM(C18:H18) -> 2 | C18: ='Показатель 5.1'!J19 -> 2 | D18: ='Показатель 5.2'!J20 -> 0 | E18: ='Показатель 6.1'!J19 -> 0 | F18: ='Показатель 6.2'!J20 -> 0 | G18: ='Показатель 6.3'!J19 -> 0 | H18: ='Показатель 7.1'!J20 -> 0
A19: Вольский | B19: =SUM(C19:H19) -> 1 | C19: ='Показатель 5.1'!J20 -> 1 | D19: ='Показатель 5.2'!J21 -> 0 | E19: ='Показатель 6.1'!J20 -> 0 | F19: ='Показатель 6.2'!J21 -> 0 | G19: ='Показатель 6.3'!J20 -> 0 | H19: ='Показатель 7.1'!J21 -> 0
A20: Воскресенский | B20: =SUM(C20:H20) -> 0 | C20: ='Показатель 5.1'!J21 -> 0 | D20: ='Показатель 5.2'!J22 -> 0 | E20: ='Показатель 6.1'!J21 -> 0 | F20: ='Показатель 6.2'!J22 -> 0 | G20: ='Показатель 6.3'!J21 -> 0 | H20: ='Показатель 7.1'!J22 -> 0
A21: Дергачевский | B21: =SUM(C21:H21) -> 6 | C21: ='Показатель 5.1'!J22 -> 2 | D21: ='Показатель 5.2'!J23 -> 1 | E21: ='Показатель 6.1'!J22 -> 0 | F21: ='Показатель 6.2'!J23 -> 2 | G21: ='Показатель 6.3'!J22 -> 1 | H21: ='Показатель 7.1'!J23 -> 0
A22: Духовницкий | B22: =SUM(C22:H22) -> 2 | C22: ='Показатель 5.1'!J23 -> 2 | D22: ='Показатель 5.2'!J24 -> 0 | E22: ='Показатель 6.1'!J23 -> 0 | F22: ='Показатель 6.2'!J24 -> 0 | G22: ='Показатель 6.3'!J23 -> 0 | H22: ='Показатель 7.1'!J24 -> 0
A23: Екатериновский | B23: =SUM(C23:H23) -> 2 | C23: ='Показатель 5.1'!J24 -> 2 | D23: ='Показатель 5.2'!J25 -> 0 | E23: ='Показатель 6.1'!J24 -> 0 | F23: ='Показатель 6.2'!J25 -> 0 | G23: ='Показатель 6.3'!J24 -> 0 | H23: ='Показатель 7.1'!J25 -> 0
... A49: Энгельсский | B49: =SUM(C49:H49) -> 3 | C49: ='Показатель 5.1'!J50 -> 2 | D49: ='Показатель 5.2'!J51 -> 0 | E49: ='Показатель 6.1'!J50 -> 1 | F49: ='Показатель 6.2'!J51 -> 0 | G49: ='Показатель 6.3'!J50 -> 0 | H49: ='Показатель 7.1'!J51 -> 0

Sheet Методика III этап
A1: III этап. Исполнение бюджета муниципального образования и финансовый контроль
A4: № п/п | B4: Вопросы и варианты ответов | C4: Баллы
A6: 5. | B6: Внесение изменений в решение о бюджете муниципального образования | C6: =C9+C13 -> 4
A7: 5.1 | B7: Опубликование решений о внесении изменений в решение о бюджете муниципального образования на текущий финансовый год (текущий финансовый год и плановый период) на портале (сайте)
B8: В целях оценки показателя учитывается публикация всех решений о внесении изменений в решение о бюджете, принятых на момент проведения мониторинга. В случае, если не опубликовано хотя бы одно решение о внесении изменений в решение о бюджете из числа принятых, оценка показателя принимает значение 0 баллов. Решения о внесении изменений в решение о бюджете должны быть опубликованы не позднее 15 рабочих дней после подписания решения и сохраняться не менее трех лет. При нарушении указанного срока применяется понижающий коэффициент за несоблюдение сроков обеспечения доступа к бюджетным данным.
B9: Опубликованы, или внесение изменений в решение не осуществлялось | C9: 2
B10: Не опубликованы или опубликованы в отдельных случаях | C10: 0
A11: 5.2 | B11: Опубликование актуализированной версии решения о бюджете муниципального образования на текущий финансовый год (на текущий финансовый год и плановый период) с учетом внесенных изменений на портале (сайте)
B12: В целях оценки показателя учитывается публикация актуализированной версии решения о бюджете, с учетом всех принятых на дату проведения мониторинга решений о внесении изменений в бюджет. Учитывается публикация актуализированной версии решения о бюджете со всеми приложениями, публикация отдельных составляющих в целях оценки показателя не учитывается. В случае если внесение изменений в решение о бюджете на текущий год (на текущий год и плановый период) на момент проведения мониторинга не осуществлялось, в целях оценки показателя учитывается публикация принятого решения о бюджете муниципального образования на текущий финансовый год (текущий финансовый год и плановый период). Актуализированная версия решения о бюджете должна быть опубликована в течение одного месяца после подписания решения о внесении изменения в решение о бюджете муниципального образования и сохраняться не менее трех лет. При нарушении указанного срока применяется понижающий коэффициент за несоблюдение сроков обеспечения доступа к бюджетным данным. В случае, если в установленный срок документ не размещен, оценка показателя принимает значение 0 баллов.
B13: Опубликована в структурированном виде, с указанием полных или кратких наименований всех составляющих | C13: 2
B14: Опубликована, но не в структурированном виде и (или) без указания полных или кратких наименований всех составляющих | C14: 1
B15: Не опубликована | C15: 0
A16: 6. | B16: Промежуточная отчетность об исполнении бюджета муниципального образования и аналитические данные | C16: =C19+C23+C28 -> 4
A17: 6.1 | B17: Опубликование отчетов об исполнении бюджета муниципального образования за первый квартал, полугодие, девять месяцев текущего финансового года на портале (сайте)
B18: В целях оценки показателя учитываются официальные документы, принятые администрацией муниципального образования. Иные документы и материалы в целях оценки данного показателя не учитываются. Опубликованные сведения в обязательном порядке должны содержать: а) наименование, номер и дату муниципального правового акта об утверждении отчета; б) должность, фамилию и инициалы лица, подписавшего муниципальный правовой акт об утверждении отчета. Учитывается публикация отчетов со всеми приложениями, публикация отдельных составляющих в целях оценки показателя не учитывается. Графический формат допускается для публикация постановляющей части муниципального правового акта об утверждении отчета и не допускается для публикации приложений к отчету (содержательной части). Отчет об исполнении бюджета муниципального образования за первый квартал, полугодие, девять месяцев текущего года должен быть опубликован в течение трех месяцев после окончания отчетного периода и сохраняться не менее трех лет. При нарушении указанного срока применяется понижающий коэффициент за несоблюдение сроков обеспечения доступа к бюджетным данным.
B19: Опубликованы за все отчетные периоды | C19: 1
B20: Не опубликованы или публикуются нерегулярно, или не отвечают требованиям | C20: 0
A21: 6.2 | B21: Ежеквартальное опубликование сведений об исполнении бюджета муниципального образования в сравнении с запланированными значениями на соответствующий период (финансовый год) и с соответствующим периодом прошлого года на портале (сайте)
B22: В том числе, должна быть представлена следующая информация: 1) исполнение по видам доходов до уровня подгруппы или статьи классификации доходов бюджетов; 2) исполнение по расходам в разрезе разделов и подразделов классификации расходов; 3) исполнение по расходам в разрезе муниципальных программ. Указанные сведения должны быть опубликованы в течение одного месяца после окончания отчетного периода и сохраняться не менее трех лет. При нарушении указанного срока применяется понижающий коэффициент за несоблюдение сроков обеспечения доступа к бюджетным данным.
B23: Опубликованы за все отчетные периоды по всем указанным элементам | C23: 2
B24: Опубликованы за все отчетные периоды по двум ключевым элементам | C24: 1
B25: Не опубликованы или публикуются нерегулярно, или не отвечают требованиям | C25: 0
A26: 6.3 | B26: Ежеквартальное опубликование сведений об объеме муниципального долга муниципального образования на начало и на конец отчетного периода на портале (сайте)
B27: В целях оценки показателя учитывается публикация сведений об объеме муниципального долга муниципального образования на начало и на конец отчетного периода по видам долговых обязательств или по видам заимствований. Указанные сведения должны быть опубликованы в течение одного месяца после окончания отчетного периода и сохраняться не менее трех лет. При нарушении указанного срока применяется понижающий коэффициент за несоблюдение сроков обеспечения доступа к бюджетным данным.
B28: Опубликованы за все отчетные периоды и отвечают всем требованиям | C28: 1
B29: Не опубликованы или публикуются нерегулярно, или не отвечают требованиям | C29: 0
A30: 7. | B30: Финансовый контроль | C30: =C33 -> 2
A31: 7.1 | B31: Опубликование информации о проведенных в текущем финансовом году контрольных мероприятиях контрольно-счетным органом муниципального образования на портале (сайте)
B32: В целях оценки показателя учитываются контрольные мероприятия, предусмотренные планом контрольно-счетного органа муниципального образования в текущем году, срок реализации которых на дату проведения мониторинга завершен. В случае, если план контрольных мероприятий на текущий финансовый год не опубликован до 1 января соответствующего года, оценка показателя принимает значение 0 баллов. Информация о проведенном контрольном мероприятии должна быть опубликована в течение трех месяцев с даты завершения контрольного мероприятия. При нарушении указанного срока применяется понижающий коэффициент за несоблюдение сроков обеспечения доступа к бюджетным данным.
B33: Опубликована по результатам всех контрольных мероприятий, предусмотренных планом на текущий финансовый год, в том числе сведения о принятых объектом контроля решениях и мерах по направленным ему представлениям и предписаниям | C33: 2
B34: Опубликована по результатам всех контрольных мероприятий, предусмотренных планом на текущий финансовый год, за исключением сведений о принятых объектом контроля решениях и мерах по направленным ему представлениям и предписаниям | C34: 1
B35: Не опубликована, или ее публикация носит несистемный характер (публикуются сведения по отдельным контрольным мероприятиям, предусмотренным планом на текущий финансовый год) | C35: 0
B36: Итого баллов на III этапе | C36: =C6+C16+C30 -> 10

Sheet Показатель 5.1
A1: 5.1. Внесение изменений в решение о бюджете муниципального образования на текущий финансовый год (текущий финансовый год и плановый период) на портале (сайте)
A2: Комментарий:
A3: ='Методика III этап'!B8 -> В целях оценки показателя учитывается публикация всех решений о внесении изменений в решение о бюджете, принятых на момент проведения мониторинга. В случае, если не опубликовано хотя бы одно решение о внесении изменений в решение о бюджете из числа принятых, оценка показателя принимает значение 0 баллов. Решения о внесении изменений в решение о бюджете должны быть опубликованы не позднее 15 рабочих дней после подписания решения и сохраняться не менее трех лет. При нарушении указанного срока применяется понижающий коэффициент за несоблюдение сроков обеспечения доступа к бюджетным данным.
A4: № п/п | B4: Наименование муниципального образования Саратовской обалсти | C4: ='Методика III этап'!B7 -> Опубликование решений о внесении изменений в решение о бюджете муниципального образования на текущий финансовый год (текущий финансовый год и плановый период) на портале (сайте) | D4: Формат | E4: Доступность (указать, если возникли трудности с поиском документа, если переход осуществляется более, чем за 5 «кликов» с основной страницы портала (сайта), если название раздела не соответствует содержанию) | F4: Оценка показателя 5.1 | K4: Ссылка на источник данных | L4: Комментарии
B5: Варианты ответов | C5: ='Методика III этап'!B9 -> Опубликованы, или внесение изменений в решение не осуществлялось | D5: Word, Excel, PDF | F5: баллы | G5: понижающие коэффициенты | J5: Итого
C6: ='Методика III этап'!B10 -> Не опубликованы или опубликованы в отдельных случаях | G6: графический формат | H6: затруднен-ный поиск | I6: несоблюде-ние сроков
B7: Городские округа
A8: 1 | B8: г. Саратов | C8: Опубликованы, или внесение изменений в решение не осуществлялось | D8: Word | E8: 6 кликов до документа, лишняя папка в архиве | F8: =IF(C8=$C$5,2,0) -> 2 | H8: 0.5 | J8: =F8*(1-G8)*(1-H8)*(1-I8) -> 1 | K8: http://saratovmer.ru/budget/rubrics/1/1262.html
A9: 2 | B9: ЗАТО Михайловское | C9: Не опубликованы или опубликованы в отдельных случаях | D9: Web, Excel | F9: =IF(C9=$C$5,2,0) -> 0 | J9: =F9*(1-H9)*(1-I9) -> 0 | K9: http://mihailovski.ru/?mod=article_list&razdel=79&shift=0 | L9: Решения о внесении изменений расположены не в хронологическом порядке, без подписи номера и даты решения, не найдено решение от 4 мая 2016 года №283. Изменений -13, ссылок на документы - 11.
A10: 3 | B10: ЗАТО Светлый | C10: Опубликованы, или внесение изменений в решение не осуществлялось | D10: Web, Word | F10: =IF(C10=$C$5,2,0) -> 2 | J10: =F10*(1-H10)*(1-I10) -> 2 | K10: http://www.zatosvetly.ru/city/economics_amp_finance/byudzhet-gorodskogo-okruga/byudzhet-gorodskogo-okruga-zato-svetlyy/2016-g/ | L10: Ошибка в дате у решения №33.
A11: 4 | B11: ЗАТО Шиханы | C11: Не опубликованы или опубликованы в отдельных случаях | D11: Word | F11: =IF(C11=$C$5,2,0) -> 0 | J11: =F11*(1-H11)*(1-I11) -> 0 | K11: http://zatoshihany.ru/sobranie/acts/ | L11: Отсутствуют внесения изменений: от 19.02.2016 г. №4-91-7. Раздел не структурирован по годам.
B12: Муниципальные районы
A13: 5 | B13: Александрово-Гайский | C13: Опубликованы, или внесение изменений в решение не осуществлялось | D13: Word | F13: =IF(C13=$C$5,2,0) -> 2 | J13: =F13*(1-H13)*(1-I13)*(1-G13) -> 2 | K13: http://algay.sarmo.ru/byudzhet-ekonomika-finansy/byudzhet-dokumenty.php | L13: Раздел не структурирован по годам.
A14: 6 | B14: Аркадакский | C14: Опубликованы, или внесение изменений в решение не осуществлялось | D14: PDF | F14: =IF(C14=$C$5,2,0) -> 2 | G14: 0.5 | J14: =F14*(1-H14)*(1-I14)*(1-G14) -> 1 | K14: http://arkadak.sarmo.ru/index.php?option=com_content&view=article&id=832 | L14: Не соблюден формат размещения для числовых данных документа (приложений).
A15: 7 | B15: Аткарский | C15: Опубликованы, или внесение изменений в решение не осуществлялось | D15: Word | F15: =IF(C15=$C$5,2,0) -> 2 | J15: =F15*(1-H15)*(1-I15)*(1-G15) -> 2 | K15: http://proatkarsk.ru/CityListArticles.aspx?categoryid=280 | L15: Во всех решениях о внесении изменений (после 18.01) значится первое внесение изменений от 18.01.2016 г. № 830, но такого документа на сайте нет, размещено решение от 18.01.2016г. № 831. Перепутан номер!
A16: 8 | B16: Базарно-Карабулакский | C16: Опубликованы, или внесение изменений в решение не осуществлялось | D16: Word | E16: Лишняя архивация файлов. | F16: =IF(C16=$C$5,2,0) -> 2 | J16: =F16*(1-H16)*(1-I16)*(1-G16) -> 2 | K16: http://bkarabulak.sarmo.ru/index.php?option=com_content&view=article&id=3148&Itemid=342
A17: 9 | B17: Балаковский | C17: Опубликованы, или внесение изменений в решение не осуществлялось | D17: Word | E17: Лишняя архивация одного файла. | F17: =IF(C17=$C$5,2,0) -> 2 | J17: =F17*(1-H17)*(1-I17)*(1-G17) -> 2 | K17: http://www.admbal.ru/page/reshenie-o-byudzhete-bmr
A18: 10 | B18: Балашовский | C18: Не опубликованы или опубликованы в отдельных случаях | F18: =IF(C18=$C$5,2,0) -> 0 | J18: =F18*(1-H18)*(1-I18)*(1-G18) -> 0 | K18: http://www.baladmin.ru/meeting/docs/ | L18: Отсутствуют внесения изменений: от 25.03.2016г. №80/01, от 29.04.2016г. № 81/19 . В разделе много не структурированной информации, не удобно искать необходимую.
A19: 11 | B19: Балтайский | C19: Опубликованы, или внесение изменений в решение не осуществлялось | D19: Word | F19: =IF(C19=$C$5,2,0) -> 2 | J19: =F19*(1-H19)*(1-I19)*(1-G19) -> 2 | K19: http://adm-baltay.ru/sobranie-deputatov/normativno-pravovyie-aktyi-sobraniya-deputatov/2016-2/
A20: 12 | B20: Вольский | C20: Опубликованы, или внесение изменений в решение не осуществлялось | E20: 6 кликов до документа, в архиве решений собрания 4 созыва затруднен поиск. | F20: =IF(C20=$C$5,2,0) -> 2 | H20: 0.5 | J20: =F20*(1-H20)*(1-I20)*(1-G20) -> 1 | K20: http://volskms.ru/%d1%80%d0%b5%d1%88%d0%b5%d0%bd%d0%b8%d1%8f-2/ | L20: Изменения в решение о бюджете по указанной ссылке публикуются, однако возможность проверки регулярности их размещения в полном объеме отсутствует (актуализированной версии решения о бюджете на сайте нет). Обратите внимание: в следующий раз присылать конкретную ссылку на страницу, где находится документ. Пришлось его поискать! В архиве документ пользователю не найти, если не знать конкретный номер или не прощелкивать все. Продумайте размещени решений, связанных с бюджетом.
A21: 13 | B21: Воскресенский | C21: Не опубликованы или опубликованы в отдельных случаях | F21: =IF(C21=$C$5,2,0) -> 0 | J21: =F21*(1-H21)*(1-I21)*(1-G21) -> 0
A22: 14 | B22: Дергачевский | C22: Опубликованы, или внесение изменений в решение не осуществлялось | D22: Word, Excel | F22: =IF(C22=$C$5,2,0) -> 2 | J22: =F22*(1-H22)*(1-I22)*(1-G22) -> 2 | K22: http://dergachi.sarmo.ru/sobranie-dergachevskogo-munitsipalnogo-rayona/resheniya-sobraniya-dergachevskogo-munitsipalnogo-rayona/ | L22: Наименование приложений отсутствует в структуре архива.
A23: 15 | B23: Духовницкий | C23: Опубликованы, или внесение изменений в решение не осуществлялось | D23: Word | F23: =IF(C23=$C$5,2,0) -> 2 | J23: =F23*(1-H23)*(1-I23)*(1-G23) -> 2 | K23: http://duhovnitskoe.sarmo.ru/predstavitelnyy-organ/npa/npa-2016/
A24: 16 | B24: Екатериновский | C24: Опубликованы, или внесение изменений в решение не осуществлялось | D24: Word | F24: =IF(C24=$C$5,2,0) -> 2 | J24: =F24*(1-H24)*(1-I24)*(1-G24) -> 2 | K24: http://www.ekaterinovka.sarmo.ru/rayonnoe-sobranie/2016rs.php | L24: Изменения в решение о бюджете по указанной ссылке публикуются, однако возможность проверки регулярности их размещения в полном объеме отсутствует (актуализированной версии решения о бюджете на сайте нет)
A25: 17 | B25: Ершовский | C25: Опубликованы, или внесение изменений в решение не осуществлялось | D25: Word | F25: =IF(C25=$C$5,2,0) -> 2 | J25: =F25*(1-H25)*(1-I25)*(1-G25) -> 2 | K25: http://ershov.sarmo.ru/raion-sobr/resheniya/ | L25: Изменения в решение о бюджете по указанной ссылке публикуются, однако возможность проверки регулярности их размещения в полном объеме отсутствует (актуализированной версии решения о бюджете на сайте нет)
A26: 18 | B26: Ивантеевский | C26: Опубликованы, или внесение изменений в решение не осуществлялось | D26: Word | F26: =IF(C26=$C$5,2,0) -> 2 | J26: =F26*(1-H26)*(1-I26)*(1-G26) -> 2 | K26: http://ivanteevka.sarmo.ru/byudzhet-dlya-grazhdan/npa/2016/
A27: 19 | B27: Калининский | C27: Опубликованы, или внесение изменений в решение не осуществлялось | D27: Word | F27: =IF(C27=$C$5,2,0) -> 2 | J27: =F27*(1-H27)*(1-I27)*(1-G27) -> 2 | K27: http://kalininsk.sarmo.ru/predstavitelnyy-organ-munitsipalnogo-rayona/dokumenty-normativnye-akty/
A28: 20 | B28: Красноармейский | C28: Опубликованы, или внесение изменений в решение не осуществлялось | D28: Word | F28: =IF(C28=$C$5,2,0) -> 2 | J28: =F28*(1-H28)*(1-I28)*(1-G28) -> 2 | K28: http://krasnoarmeysk.sarmo.ru/krasnoarmeyskiy-rayon/byudzhet/resheniya-o-byudzhete-krasnoarmeyskogo-munitsipalnogo-rayona-s-dopolneniyami-i-izmeneniyami/resheniya-2016.php?clear_cache=Y | L28: Изменения в решение о бюджете по указанной ссылке публикуются, однако возможность проверки регулярности их размещения в полном объеме отсутствует (актуализированной версии решения о бюджете на сайте нет)
A29: 21 | B29: Краснокутский | C29: Опубликованы, или внесение изменений в решение не осуществлялось | D29: Word | E29: 6 кликов до документа. | F29: =IF(C29=$C$5,2,0) -> 2 | H29: 0.5 | J29: =F29*(1-H29)*(1-I29)*(1-G29) -> 1 | K29: http://krasny-kut.ru/municipal_noe_sobranie/oficial_nye_dokumenty/resheniya_sobraniya_deputatov/ | L29: Изменения в решение о бюджете по указанной ссылке публикуются, однако возможность проверки регулярности их размещения в полном объеме отсутствует (актуализированной версии решения о бюджете на сайте нет). Не указаны названия решений, затруднен поиск при отсутствии реквизитов документа (даты) - все решения сгруппированы в архив по месяцам.
A30: 22 | B30: Краснопартизанский | C30: Опубликованы, или внесение изменений в решение не осуществлялось | E30: Лишняя папка в архике. | F30: =IF(C30=$C$5,2,0) -> 2 | J30: =F30*(1-H30)*(1-I30)*(1-G30) -> 2 | K30: http://gornyi.sarmo.ru/index.php?option=com_content&view=article&id=2668:2016-09-27-06-52-51&catid=34:%D0%9E%D1%81%D0%BD%D0%BE%D0%B2%D0%BD%D0%B0%D1%8F%20%D0%BA%D0%B0%D1%82%D0%B5%D0%B3%D0%BE%D1%80%D0%B8%D1%8F
A31: 23 | B31: Лысогорский | C31: Опубликованы, или внесение изменений в решение не осуществлялось | F31: =IF(C31=$C$5,2,0) -> 2 | J31: =F31*(1-H31)*(1-I31)*(1-G31) -> 2 | K31: http://adm.lysyegory.ru/base/2472-reshenija-o-vnesenii-izmenenii-v-reshenie-o-byudzhete-municipalnogo-raiona-na-tekuschii-finansovyi-god.html
A32: 24 | B32: Марксовский | C32: Опубликованы, или внесение изменений в решение не осуществлялось | D32: Word, Excel | F32: =IF(C32=$C$5,2,0) -> 2 | J32: =F32*(1-H32)*(1-I32)*(1-G32) -> 2 | K32: http://marksadm.ru/r-o-b.html
A33: 25 | B33: Новобурасский | C33: Опубликованы, или внесение изменений в решение не осуществлялось | D33: Word | F33: =IF(C33=$C$5,2,0) -> 2 | J33: =F33*(1-H33)*(1-I33)*(1-G33) -> 2 | K33: http://www.admnburasy.ru/budget.html | L33: Изменения в решение о бюджете по указанной ссылке публикуются, однако возможность проверки регулярности их размещения в полном объеме отсутствует (актуализированной версии решения о бюджете на сайте нет). Обратите внимание: в следующий раз присылать конкретную ссылку на страницу, где находится документ.
A34: 26 | B34: Новоузенский | C34: Не опубликованы или опубликованы в отдельных случаях | F34: =IF(C34=$C$5,2,0) -> 0 | J34: =F34*(1-H34)*(1-I34)*(1-G34) -> 0 | K34: http://www.novouzensk.ru/sobranie/sobr/akty/ | L34: Найти по указанной ссылке документы невозможно: нет тематической структуры, нет наименований файлов. Актуализированная версия не опубликована. Проверить полноту публикации сведений не представляется возможным
A35: 27 | B35: Озинский | C35: Опубликованы, или внесение изменений в решение не осуществлялось | D35: Word, Excel | E35: 6 кликов до документа, лишние папки в архиве | F35: =IF(C35=$C$5,2,0) -> 2 | H35: 0.5 | J35: =F35*(1-H35)*(1-I35)*(1-G35) -> 1 | K35: http://ozinki.sarmo.ru/byudzhet/byudzhet-ozinskogo-munitsipalnogo-rayona-na-2016-god.php?clear_cache=Y | L35: В архивах не у всех файлов приложений есть названия.
A36: 28 | B36: Перелюбский | C36: Опубликованы, или внесение изменений в решение не осуществлялось | D36: Word | F36: =IF(C36=$C$5,2,0) -> 2 | J36: =F36*(1-H36)*(1-I36)*(1-G36) -> 2 | K36: http://perelyub.sarmo.ru/index.php?option=com_content&view=article&id=70&Itemid=87 | L36: Изменения в решение о бюджете по указанной ссылке публикуются, однако возможность проверки регулярности их размещения в полном объеме отсутствует (актуализированной версии решения о бюджете на сайте нет).
A37: 29 | B37: Петровский | C37: Опубликованы, или внесение изменений в решение не осуществлялось | D37: PDF | F37: =IF(C37=$C$5,2,0) -> 2 | G37: 0.5 | J37: =F37*(1-H37)*(1-I37)*(1-G37) -> 1 | K37: http://petrovsk64.ru/sub-org/fin-upr/otkrytyy-byudzhet/byudzhet/izmeneniya-v-byudzhet/ | L37: Не соблюден формат размещения числовых данных.
A38: 30 | B38: Питерский | C38: Опубликованы, или внесение изменений в решение не осуществлялось | D38: Word | F38: =IF(C38=$C$5,2,0) -> 2 | J38: =F38*(1-H38)*(1-I38)*(1-G38) -> 2 | K38: http://piterka.sarmo.ru/byudzhet-piterskogo-mr/mestnyy-byudzhet./2016/index.php | L38: Изменения в решение о бюджете по указанной ссылке публикуются, однако возможность проверки регулярности их размещения в полном объеме отсутствует (актуализированной версии решения о бюджете на сайте нет)
A39: 31 | B39: Пугачевский | C39: Опубликованы, или внесение изменений в решение не осуществлялось | D39: Word | F39: =IF(C39=$C$5,2,0) -> 2 | J39: =F39*(1-H39)*(1-I39)*(1-G39) -> 2 | K39: http://pugachev-adm.ru/sobranie-pmr/npa-sobraniya/resheniya-sobraniya-pmr/resheniya-sobraniya-2015 ;http://pugachev-adm.ru/resheniya-2016
A40: 32 | B40: Ровенский | C40: Опубликованы, или внесение изменений в решение не осуществлялось | D40: Web, Excel | F40: =IF(C40=$C$5,2,0) -> 2 | J40: =F40*(1-H40)*(1-I40)*(1-G40) -> 2 | K40: http://rovnoe.sarmo.ru/byudzhet/resheniya-o-byudzhete/2016.php
A41: 33 | B41: Романовский | C41: Опубликованы, или внесение изменений в решение не осуществлялось | D41: Word | F41: =IF(C41=$C$5,2,0) -> 2 | J41: =F41*(1-H41)*(1-I41)*(1-G41) -> 2 | K41: http://romanovka.sarmo.ru/byudzhet-dlya-grazhdan/byudzhet-romanovskogo-munitsipalnogo-rayona/ispolnenie-byudzheta-romanovskogo-munitsipalnogo-rayona-i-finansovyy-kontrol/resheniya-o-vnesenii-izmeneniy-v-byudzhet.php
A42: 34 | B42: Ртищевский | C42: Опубликованы, или внесение изменений в решение не осуществлялось | D42: Word | F42: =IF(C42=$C$5,2,0) -> 2 | J42: =F42*(1-H42)*(1-I42)*(1-G42) -> 2 | K42: http://rtishevo.sarmo.ru/finansovyy-organ/rtishchevskiy-munitsipalnyy-rayon/2016-god/resheniya-o-byudzhete-i-vnesenii-izmeneniy-v-byudzhet-munitsipalnogo-rayona.php
A43: 35 | B43: Самойловский | C43: Опубликованы, или внесение изменений в решение не осуществлялось | D43: Word | F43: =IF(C43=$C$5,2,0) -> 2 | J43: =F43*(1-H43)*(1-I43)*(1-G43) -> 2 | K43: http://sam64.ru/index.php?option=com_content&view=article&id=149&Itemid=87 | L43: Изменения в решение о бюджете по указанной ссылке публикуются, однако возможность проверки регулярности их размещения в полном объеме отсутствует (актуализированной версии решения о бюджете на сайте нет). Обратите внимание: в следующий раз присылать конкретную ссылку на страницу, где находится документ(много лишних ссылок).
A44: 36 | B44: Саратовский | C44: Опубликованы, или внесение изменений в решение не осуществлялось | D44: Word | E44: Ллишняя папка в архиве. | F44: =IF(C44=$C$5,2,0) -> 2 | J44: =F44*(1-H44)*(1-I44)*(1-G44) -> 2 | K44: http://saratov.sarmo.ru/index.php?option=com_content&view=article&id=5118&Itemid=549
A45: 37 | B45: Советский | C45: Опубликованы, или внесение изменений в решение не осуществлялось | D45: Word, Excel | F45: =IF(C45=$C$5,2,0) -> 2 | J45: =F45*(1-H45)*(1-I45)*(1-G45) -> 2 | K45: http://stepnoeadm.ru/?page_id=288
A46: 38 | B46: Татищевский | C46: Опубликованы, или внесение изменений в решение не осуществлялось | D46: Word | F46: =IF(C46=$C$5,2,0) -> 2 | J46: =F46*(1-H46)*(1-I46)*(1-G46) -> 2 | K46: http://tatishevo.saratov.gov.ru/index.php?option=com_content&view=article&id=3175:2016-&catid=64:2009-12-20-17-44-19&Itemid=91
A47: 39 | B47: Турковский | C47: Опубликованы, или внесение изменений в решение не осуществлялось | D47: Word | E47: 7 кликов до документа, лишняя папка в архив. Решения в архиве не подписаны, нужно открывать каждое, чтобы найти нужное. | F47: =IF(C47=$C$5,2,0) -> 2 | H47: 0.5 | J47: =F47*(1-H47)*(1-I47)*(1-G47) -> 1 | K47: http://turki.sarmo.ru/sobranie-deputatov-turkovskogo-munitsipalnogo-rayona/dokumenty/resheniya-sobraniya-deputatov/2016/ | L47: Изменения в решение о бюджете по указанной ссылке публикуются, однако возможность проверки регулярности их размещения в полном объеме отсутствует (актуализированной версии решения о бюджете на сайте нет)
A48: 40 | B48: Федоровский | C48: Опубликованы, или внесение изменений в решение не осуществлялось | D48: Word, Excel | E48: Лишние папки в архивах, у файлов приложений в архивах отсутствуют названия. Раздел называется «контроль», хотя с главной страницы переход через раздел «бюджет». | F48: =IF(C48=$C$5,2,0) -> 2 | H48: 0.5 | J48: =F48*(1-H48)*(1-I48)*(1-G48) -> 1 | K48: mokrous.fedrayon.ru ; http://mokrous.fedrayon.ru/index.php?option=com_content&view=article&id=291&Itemid=285 | L48: Слишком много информации на одной страниц! Раздел не структурирован.
A49: 41 | B49: Хвалынский | C49: Опубликованы, или внесение изменений в решение не осуществлялось | D49: Word | F49: =IF(C49=$C$5,2,0) -> 2 | J49: =F49*(1-H49)*(1-I49)*(1-G49) -> 2 | K49: http://hvalynsk.sarmo.ru/administratsiya-khvalynskogo-munitsipalnogo-rayona/byudzhet/resheniya-sobraniya-khmr-o-byudzhete-na-2016-god.php | L49: Изменения в решение о бюджете по указанной ссылке публикуются, однако возможность проверки регулярности их размещения в полном объеме отсутствует (актуализированной версии решения о бюджете на сайте нет)
A50: 42 | B50: Энгельсский | C50: Опубликованы, или внесение изменений в решение не осуществлялось | D50: Web, Excel | E50: В разделе находятся все решения Собрания депутатов Энгельсского муниципального района, затруднен поису решений по бюджету. Желательно выделить в отдельный раздел. | F50: =IF(C50=$C$5,2,0) -> 2 | J50: =F50*(1-H50)*(1-I50)*(1-G50) -> 2 | K50: http://www.engels-city.ru/pravakts-100037 | L50: Изменения в решение о бюджете по указанной ссылке публикуются, однако возможность проверки регулярности их размещения в полном объеме отсутствует (актуализированной версии решения о бюджете на сайте нет)

Sheet Показатель 5.2
A1: 5.2. Актуализированная версия решения о бюджете муниципального образования на текущий финансовый год (текущий финансовый год и плановый период) с учетом внесенных изменений на портале (сайте)
A2: Комментарий:
A3: ='Методика III этап'!B12 -> В целях оценки показателя учитывается публикация актуализированной версии решения о бюджете, с учетом всех принятых на дату проведения мониторинга решений о внесении изменений в бюджет. Учитывается публикация актуализированной версии решения о бюджете со всеми приложениями, публикация отдельных составляющих в целях оценки показателя не учитывается. В случае если внесение изменений в решение о бюджете на текущий год (на текущий год и плановый период) на момент проведения мониторинга не осуществлялось, в целях оценки показателя учитывается публикация принятого решения о бюджете муниципального образования на текущий финансовый год (текущий финансовый год и плановый период). Актуализированная версия решения о бюджете должна быть опубликована в течение одного месяца после подписания решения о внесении изменения в решение о бюджете муниципального образования и сохраняться не менее трех лет. При нарушении указанного срока применяется понижающий коэффициент за несоблюдение сроков обеспечения доступа к бюджетным данным. В случае, если в установленный срок документ не размещен, оценка показателя принимает значение 0 баллов.
A4: № п/п | B4: Наименование муниципального образования Саратовской обалсти | C4: ='Методика III этап'!B11 -> Опубликование актуализированной версии решения о бюджете муниципального образования на текущий финансовый год (на текущий финансовый год и плановый период) с учетом внесенных изменений на портале (сайте) | D4: Формат | E4: Доступность (указать, если возникли трудности с поиском документа, если переход осуществляется более, чем за 5 «кликов» с основной страницы портала (сайта), если название раздела не соответствует содержанию) | F4: Оценка показателя 5.2 | K4: Ссылка на источник данных | L4: Комментарии
B5: Варианты ответов | C5: ='Методика III этап'!B13 -> Опубликована в структурированном виде, с указанием полных или кратких наименований всех составляющих | D5: Word, Excel, PDF | F5: баллы | G5: понижающие коэффициенты | J5: Итого
C6: ='Методика III этап'!B14 -> Опубликована, но не в структурированном виде и (или) без указания полных или кратких наименований всех составляющих | G6: графический формат | H6: затруднен-ный поиск | I6: несоблюде-ние сроков
C7: ='Методика III этап'!B15 -> Не опубликована
B8: Городские округа
A9: 1 | B9: г. Саратов | C9: Не опубликована | F9: =IF(C9=$C$5,2,IF(C9=$C$6,1,0)) -> 0 | J9: =F9*(1-G9)*(1-H9)*(1-I9) -> 0 | K9: http://saratovmer.ru/budget/rubrics/1/1262.html | L9: Актуализированная версия решения о бюджете муниципального образования на текущий финансовый год по предоставленной ссылке и на сайте не найдена.
A10: 2 | B10: ЗАТО Михайловское | C10: Не опубликована | E10: Под заголовком «актуализированный бюджет…» находится решение о проведении публичных слушаний. А актуализированная версия бюджета - под заголовком «О бюджете ЗАТО Михайловский на 2016 год » | F10: =IF(C10=$C$5,2,IF(C10=$C$6,1,0)) -> 0 | H10: 0.5 | J10: =F10*(1-H10)*(1-I10) -> 0 | K10: http://mihailovski.ru/?mod=article&id=3375 | L10: Найдено под другим названием. Нет возможности скачать документ, нет приложений.
A11: 3 | B11: ЗАТО Светлый | C11: Опубликована, но не в структурированном виде и (или) без указания полных или кратких наименований всех составляющих | D11: Web | F11: =IF(C11=$C$5,2,IF(C11=$C$6,1,0)) -> 1 | J11: =F11*(1-H11)*(1-I11) -> 1 | K11: http://www.zatosvetly.ru/city/economics_amp_finance/byudzhet-gorodskogo-okruga/byudzhet-gorodskogo-okruga-zato-svetlyy/2016-g/index.php?ELEMENT_ID=8864 | L11: Не предусмотрена возможность скачать само решение, только приложения без указания полных или кратких наименований.
A12: 4 | B12: ЗАТО Шиханы | C12: Не опубликована | F12: =IF(C12=$C$5,2,IF(C12=$C$6,1,0)) -> 0 | J12: =F12*(1-H12)*(1-I12) -> 0 | K12: http://zakon.scli.ru/ru/legal%5Ftexts/all/extended /index.php?do4=document&id4=eb41bdbd-2f8d-45e6-bd4b-59fdb278bf21 | L12: Ссылка на сторонний ресурс. На сайте информация не опубликована.
B13: Муниципальные районы
A14: 5 | B14: Александрово-Гайский | C14: Не опубликована | F14: =IF(C14=$C$5,2,IF(C14=$C$6,1,0)) -> 0 | J14: =F14*(1-H14)*(1-I14)*(1-G14) -> 0 | L14: Ссылка не предоставлена, на сайте информация не найдена.
A15: 6 | B15: Аркадакский | C15: Опубликована в структурированном виде, с указанием полных или кратких наименований всех составляющих | D15: PDF | F15: =IF(C15=$C$5,2,IF(C15=$C$6,1,0)) -> 2 | G15: 0.5 | J15: =F15*(1-H15)*(1-I15)*(1-G15) -> 1 | K15: http://arkadak.sarmo.ru/index.php?option=com_content&view=article&id=832 | L15: Не соблюден формат размещения для числовых данных документа (приложений).
A16: 7 | B16: Аткарский | C16: Опубликована, но не в структурированном виде и (или) без указания полных или кратких наименований всех составляющих | D16: Word | E16: Актуализированная версия решения находится в разделе «Финансовое управление администрации Аткарского МР» /«Нормативные документы по принятию и исполнению бюджета» (в разделе в основном документы, касающиеся г.Аткарска, а не МР), хотя первоначально принятое решение и все внесенные изменения находятся совсем в другом месте. | F16: =IF(C16=$C$5,2,IF(C16=$C$6,1,0)) -> 1 | H16: 0.5 | J16: =F16*(1-H16)*(1-I16)*(1-G16) -> 0.5 | K16: http://proatkarsk.ru/CityArticles.aspx?articleid=3639
A17: 8 | B17: Базарно-Карабулакский | C17: Опубликована в структурированном виде, с указанием полных или кратких наименований всех составляющих | D17: Web, Word | F17: =IF(C17=$C$5,2,IF(C17=$C$6,1,0)) -> 2 | J17: =F17*(1-H17)*(1-I17)*(1-G17) -> 2 | K17: http://bkarabulak.sarmo.ru/index.php?option=com_content&view=article&id=5688&Itemid=328 | L17: Не предусмотрена возможность скачать само решение, только приложения.
A18: 9 | B18: Балаковский | C18: Опубликована, но не в структурированном виде и (или) без указания полных или кратких наименований всех составляющих | D18: Word | E18: Лишняя архивация одного файла | F18: =IF(C18=$C$5,2,IF(C18=$C$6,1,0)) -> 1 | J18: =F18*(1-H18)*(1-I18)*(1-G18) -> 1 | K18: http://www.admbal.ru/page/reshenie-o-byudzhete-bmr
A19: 10 | B19: Балашовский | C19: Не опубликована | D19: Word | E19: Есть баннер. | F19: =IF(C19=$C$5,2,IF(C19=$C$6,1,0)) -> 0 | J19: =F19*(1-H19)*(1-I19)*(1-G19) -> 0 | K19: http://www.baladmin.ru/district-budget.php | L19: Размещена актуализированная версия на 1.08.2016 года в структурированном виде, но без кратких или полных наименований всех составляющих. В архиве создана папка, увеличивает количество кликов.
A20: 11 | B20: Балтайский | C20: Не опубликована | E20: Решения без названий, затрудняет поиск пользователю. | F20: =IF(C20=$C$5,2,IF(C20=$C$6,1,0)) -> 0 | H20: 0.5 | J20: =F20*(1-H20)*(1-I20)*(1-G20) -> 0 | K20: http://adm-baltay.ru/sobranie-deputatov/normativno-pravovyie-aktyi-sobraniya-deputatov/2016-2/ | L20: Актуализированная версия не подписана, не найдена.
A21: 12 | B21: Вольский | C21: Не опубликована | E21: 6 кликов до документа, в архиве решений собрания 4 созыва затруднен поиск | F21: =IF(C21=$C$5,2,IF(C21=$C$6,1,0)) -> 0 | H21: 0.5 | J21: =F21*(1-H21)*(1-I21)*(1-G21) -> 0 | K21: http://volskms.ru/%d1%80%d0%b5%d1%88%d0%b5%d0%bd%d0%b8%d1%8f-2/ | L21: РЕШЕНИЕ от 05.09.2016 г. № 4/68-501 «О внесении изменений в Решение Вольского муниципального Собрания от 07.12.2015 г. № 4/59-438 «О бюджете Вольского муниципального района на 2016 год» - это последнеее внесение изменений, а не актуализированная версия решения о бюджете! Обратите внимание: в следующий раз присылать конкретную ссылку на страницу, где находится документ. Пришлось его поискать! В архиве документ пользователю не найти, если не знать конкретный номер или не прощелкивать все. Продумайте размещени решений, связанных с бюджетом.
A22: 13 | B22: Воскресенский | C22: Не опубликована | F22: =IF(C22=$C$5,2,IF(C22=$C$6,1,0)) -> 0 | J22: =F22*(1-H22)*(1-I22)*(1-G22) -> 0 | K22: http://voskresensk64.ru/meeting/mun-sobranie/documents/index.php | L22: Решение № 56 от 18.08.2016 года по предоставленной ссылке отсутствует, актуализированная версия решения о бюджете не найдена.
A23: 14 | B23: Дергачевский | C23: Опубликована, но не в структурированном виде и (или) без указания полных или кратких наименований всех составляющих | D23: Word, Excel | F23: =IF(C23=$C$5,2,IF(C23=$C$6,1,0)) -> 1 | J23: =F23*(1-H23)*(1-I23)*(1-G23) -> 1 | K23: http://dergachi.sarmo.ru/sobranie-dergachevskogo-munitsipalnogo-rayona/resheniya-o-byudzhete-s-izmeneniyami/
A24: 15 | B24: Духовницкий | C24: Не опубликована | F24: =IF(C24=$C$5,2,IF(C24=$C$6,1,0)) -> 0 | J24: =F24*(1-H24)*(1-I24)*(1-G24) -> 0
A25: 16 | B25: Екатериновский | C25: Не опубликована | F25: =IF(C25=$C$5,2,IF(C25=$C$6,1,0)) -> 0 | J25: =F25*(1-H25)*(1-I25)*(1-G25) -> 0 | K25: http://ekaterinovka.sarmo.ru/upload/medialibrary/911/91172b5f47da9cf61bd6998ab6535322.doc | L25: Актуализированная версия решения о бюджете муниципального образования на текущий финансовый год по предоставленной ссылке и на сайте не найдена.
A26: 17 | B26: Ершовский | C26: Не опубликована | F26: =IF(C26=$C$5,2,IF(C26=$C$6,1,0)) -> 0 | J26: =F26*(1-H26)*(1-I26)*(1-G26) -> 0 | K26: http://ershov.sarmo.ru/raion-sobr/resheniya/ | L26: Актуализированная версия решения о бюджете муниципального образования на текущий финансовый год по предоставленной ссылке и на сайте не найдена.
A27: 18 | B27: Ивантеевский | C27: Опубликована, но не в структурированном виде и (или) без указания полных или кратких наименований всех составляющих | D27: Word | F27: =IF(C27=$C$5,2,IF(C27=$C$6,1,0)) -> 1 | J27: =F27*(1-H27)*(1-I27)*(1-G27) -> 1 | K27: http://ivanteevka.sarmo.ru/byudzhet-dlya-grazhdan/npa/2016/
A28: 19 | B28: Калининский | C28: Не опубликована | F28: =IF(C28=$C$5,2,IF(C28=$C$6,1,0)) -> 0 | J28: =F28*(1-H28)*(1-I28)*(1-G28) -> 0 | K28: http://kalininsk.sarmo.ru/predstavitelnyy-organ-munitsipalnogo-rayona/dokumenty-normativnye-akty/ | L28: В актуализированной версии не учтены изменения, внесенные решением от 22.07.2016 № 59-454.
A29: 20 | B29: Красноармейский | C29: Не опубликована | F29: =IF(C29=$C$5,2,IF(C29=$C$6,1,0)) -> 0 | J29: =F29*(1-H29)*(1-I29)*(1-G29) -> 0 | K29: http://krasnoarmeysk.sarmo.ru/krasnoarmeyskiy-rayon/byudzhet/resheniya-o-byudzhete-krasnoarmeyskogo-munitsipalnogo-rayona-s-dopolneniyami-i-izmeneniyami/ | L29: По указанной ссылке указаны изменения. Последняя актуализированная версия с учетом всех изменений не представлена
A30: 21 | B30: Краснокутский | C30: Не опубликована | F30: =IF(C30=$C$5,2,IF(C30=$C$6,1,0)) -> 0 | J30: =F30*(1-H30)*(1-I30)*(1-G30) -> 0 | K30: http://krasny-kut.ru/municipal_noe_sobranie/oficial_nye_dokumenty/resheniya_sobraniya_deputatov/ | L30: По указанной ссылке указаны изменения. Последняя актуализированная версия с учетом всех изменений не представлена
A31: 22 | B31: Краснопартизанский | C31: Опубликована, но не в структурированном виде и (или) без указания полных или кратких наименований всех составляющих | D31: Word, Excel | F31: =IF(C31=$C$5,2,IF(C31=$C$6,1,0)) -> 1 | J31: =F31*(1-H31)*(1-I31)*(1-G31) -> 1 | K31: http://gornyi.sarmo.ru/index.php?option=com_content&view=article&id=2668:2016-09-27-06-52-51&catid=34:%D0%9E%D1%81%D0%BD%D0%BE%D0%B2%D0%BD%D0%B0%D1%8F%20%D0%BA%D0%B0%D1%82%D0%B5%D0%B3%D0%BE%D1%80%D0%B8%D1%8F | L31: Приложения 7-9 без названий.
A32: 23 | B32: Лысогорский | C32: Опубликована, но не в структурированном виде и (или) без указания полных или кратких наименований всех составляющих | D32: Word | F32: =IF(C32=$C$5,2,IF(C32=$C$6,1,0)) -> 1 | J32: =F32*(1-H32)*(1-I32)*(1-G32) -> 1 | K32: http://adm.lysyegory.ru/base/2473-aktualizirovannaja-versija-reshenija-o-byudzhete-municipalnogo-raiona-na-tekuschii-finansovyi-god.html
A33: 24 | B33: Марксовский | C33: Опубликована в структурированном виде, с указанием полных или кратких наименований всех составляющих | D33: Web, Word, Excel | F33: =IF(C33=$C$5,2,IF(C33=$C$6,1,0)) -> 2 | J33: =F33*(1-H33)*(1-I33)*(1-G33) -> 2 | K33: http://marksadm.ru/o-byudzhete.html
A34: 25 | B34: Новобурасский | C34: Не опубликована | F34: =IF(C34=$C$5,2,IF(C34=$C$6,1,0)) -> 0 | J34: =F34*(1-H34)*(1-I34)*(1-G34) -> 0 | L34: Обратите внимание: в следующий раз присылать конкретную ссылку на страницу, где находится документ.
A35: 26 | B35: Новоузенский | C35: Не опубликована | F35: =IF(C35=$C$5,2,IF(C35=$C$6,1,0)) -> 0 | J35: =F35*(1-H35)*(1-I35)*(1-G35) -> 0
A36: 27 | B36: Озинский | C36: Опубликована, но не в структурированном виде и (или) без указания полных или кратких наименований всех составляющих | D36: Word, Excel | E36: 7 кликов до файла решения и 8 кликов до приложений к решению, лишние папки в архиве | F36: =IF(C36=$C$5,2,IF(C36=$C$6,1,0)) -> 1 | H36: 0.5 | J36: =F36*(1-H36)*(1-I36)*(1-G36) -> 0.5 | K36: http://ozinki.sarmo.ru/byudzhet/byudzhet-ozinskogo-munitsipalnogo-rayona-na-2016-god.php?clear_cache=Y | L36: В архиве у файла «Приложение 7» отсутствует название.
A37: 28 | B37: Перелюбский | C37: Не опубликована | F37: =IF(C37=$C$5,2,IF(C37=$C$6,1,0)) -> 0 | J37: =F37*(1-H37)*(1-I37)*(1-G37) -> 0
A38: 29 | B38: Петровский | C38: Опубликована в структурированном виде, с указанием полных или кратких наименований всех составляющих | D38: Web, Word | F38: =IF(C38=$C$5,2,IF(C38=$C$6,1,0)) -> 2 | J38: =F38*(1-H38)*(1-I38)*(1-G38) -> 2 | K38: http://petrovsk64.ru/sub-org/fin-upr/otkrytyy-byudzhet/byudzhet/aktualnaya-versiya-byudzheta/ | L38: Не предусмотрена возможность скачать текстовую часть документа, только приложения.
A39: 30 | B39: Питерский | C39: Не опубликована | F39: =IF(C39=$C$5,2,IF(C39=$C$6,1,0)) -> 0 | J39: =F39*(1-H39)*(1-I39)*(1-G39) -> 0 | K39: http://piterka.sarmo.ru/byudzhet-piterskogo-mr/mestnyy-byudzhet./2016/index.php | L39: Актуализированная версия решения о бюджете муниципального образования на текущий финансовый год по предоставленной ссылке и на сайте не найдена.
A40: 31 | B40: Пугачевский | C40: Не опубликована | F40: =IF(C40=$C$5,2,IF(C40=$C$6,1,0)) -> 0 | J40: =F40*(1-H40)*(1-I40)*(1-G40) -> 0 | L40: Ссылка не предоставлена, на сайте информация не найдена.
A41: 32 | B41: Ровенский | C41: Опубликована, но не в структурированном виде и (или) без указания полных или кратких наименований всех составляющих | D41: Web, Word, Excel | F41: =IF(C41=$C$5,2,IF(C41=$C$6,1,0)) -> 1 | J41: =F41*(1-H41)*(1-I41)*(1-G41) -> 1 | K41: http://rovnoe.sarmo.ru/byudzhet/resheniya-o-byudzhete/2016.php | L41: Наименования приложений не указаны. Не предусмотрена возможность скачать текстовую часть документа, только приложения.
A42: 33 | B42: Романовский | C42: Опубликована, но не в структурированном виде и (или) без указания полных или кратких наименований всех составляющих | D42: Word | F42: =IF(C42=$C$5,2,IF(C42=$C$6,1,0)) -> 1 | J42: =F42*(1-H42)*(1-I42)*(1-G42) -> 1 | K42: http://romanovka.sarmo.ru/byudzhet-dlya-grazhdan/byudzhet-romanovskogo-munitsipalnogo-rayona/ispolnenie-byudzheta-romanovskogo-munitsipalnogo-rayona-i-finansovyy-kontrol/resheniya-o-vnesenii-izmeneniy-v-byudzhet.php | L42: Версия актуализированная, но не содержит информации об НПА ее изменивших.
A43: 34 | B43: Ртищевский | C43: Не опубликована | F43: =IF(C43=$C$5,2,IF(C43=$C$6,1,0)) -> 0 | J43: =F43*(1-H43)*(1-I43)*(1-G43) -> 0 | K43: http://rtishevo.sarmo.ru/finansovyy-organ/rtishchevskiy-munitsipalnyy-rayon/2016-god/resheniya-o-byudzhete-i-vnesenii-izmeneniy-v-byudzhet-munitsipalnogo-rayona.php | L43: Актуализированная версия решения о бюджете муниципального образования на текущий финансовый год по предоставленной ссылке и на сайте не найдена.
A44: 35 | B44: Самойловский | C44: Не опубликована | F44: =IF(C44=$C$5,2,IF(C44=$C$6,1,0)) -> 0 | J44: =F44*(1-H44)*(1-I44)*(1-G44) -> 0 | L44: Актуализированная версия решения о бюджете муниципального образования на текущий финансовый год на сайте не найдена. Обратите внимание: в следующий раз присылать конкретную ссылку на страницу, где находится документ(много лишних ссылок).
A45: 36 | B45: Саратовский | C45: Опубликована в структурированном виде, с указанием полных или кратких наименований всех составляющих | D45: Web | F45: =IF(C45=$C$5,2,IF(C45=$C$6,1,0)) -> 2 | J45: =F45*(1-H45)*(1-I45)*(1-G45) -> 2 | K45: http://saratov.sarmo.ru/index.php?option=com_content&view=article&id=5227&Itemid=553 | L45: Не предусмотрена возможность скачать само решение, только приложения.
A46: 37 | B46: Советский | C46: Не опубликована | F46: =IF(C46=$C$5,2,IF(C46=$C$6,1,0)) -> 0 | J46: =F46*(1-H46)*(1-I46)*(1-G46) -> 0 | K46: http://stepnoeadm.ru/?page_id=288 | L46: Актуализированная версия решения о бюджете муниципального образования на текущий финансовый год на сайте не найдена.
A47: 38 | B47: Татищевский | C47: Опубликована, но не в структурированном виде и (или) без указания полных или кратких наименований всех составляющих | D47: Word | E47: 6 кликов до документа. | F47: =IF(C47=$C$5,2,IF(C47=$C$6,1,0)) -> 1 | H47: 0.5 | J47: =F47*(1-H47)*(1-I47)*(1-G47) -> 0.5 | K47: http://tatishevo.saratov.gov.ru/index.php?option=com_content&view=article&id=3175:2016-&catid=64:2009-12-20-17-44-19&Itemid=91
A48: 39 | B48: Турковский | C48: Не опубликована | F48: =IF(C48=$C$5,2,IF(C48=$C$6,1,0)) -> 0 | J48: =F48*(1-H48)*(1-I48)*(1-G48) -> 0 | K48: http://turki.sarmo.ru/sobranie-deputatov-turkovskogo-munitsipalnogo-rayona/dokumenty/resheniya-sobraniya-deputatov/2016/ | L48: По указанной ссылке размещены решения о внесении изменений. Последняя актуализированная версия с учетом всех изменений не представлена
A49: 40 | B49: Федоровский | C49: Опубликована в структурированном виде, с указанием полных или кратких наименований всех составляющих | D49: Word, Excel | E49: Раздел называется «контроль», хотя с главной страницы переход через раздел «бюджет». | F49: =IF(C49=$C$5,2,IF(C49=$C$6,1,0)) -> 2 | H49: 0.5 | J49: =F49*(1-H49)*(1-I49)*(1-G49) -> 1 | K49: mokrous.fedrayon.ru ; http://mokrous.fedrayon.ru/index.php?option=com_content&view=article&id=291&Itemid=285 | L49: Слишком много информации на одной страниц! Раздел не структурирован.
A50: 41 | B50: Хвалынский | C50: Не опубликована | F50: =IF(C50=$C$5,2,IF(C50=$C$6,1,0)) -> 0 | J50: =F50*(1-H50)*(1-I50)*(1-G50) -> 0 | K50: http://hvalynsk.sarmo.ru/administratsiya-khvalynskogo-munitsipalnogo-rayona/byudzhet/resheniya-sobraniya-khmr-o-byudzhete-na-2016-god.php | L50: РЕШЕНИЕ от 12.09.2016 г. № 600 - это последнеее внесение изменений, а не актуализированная версия решения о бюджете!
A51: 42 | B51: Энгельсский | C51: Не опубликована | E51: В разделе находятся все решения Собрания депутатов Энгельсского муниципального района, затруднен поису решений по бюджету. Желательно выделить в отдельный раздел. | F51: =IF(C51=$C$5,2,IF(C51=$C$6,1,0)) -> 0 | J51: =F51*(1-H51)*(1-I51)*(1-G51) -> 0 | K51: http://www.engels-city.ru/pravakts-100037 | L51: По указанной ссылке размещены решения о внесении изменений. Последняя актуализированная версия с учетом всех изменений не представлена

Sheet Показатель 6.1
A1: 6.1. Отчеты об исполнении бюджета муниципального образования за первый квартал, полугодие, девять месяцев текущего финансового года на портале (сайте) | L1: Дата контрольной проверки: 10.11.2016
A2: Комментарий:
A3: ='Методика III этап'!B18 -> В целях оценки показателя учитываются официальные документы, принятые администрацией муниципального образования. Иные документы и материалы в целях оценки данного показателя не учитываются. Опубликованные сведения в обязательном порядке должны содержать: а) наименование, номер и дату муниципального правового акта об утверждении отчета; б) должность, фамилию и инициалы лица, подписавшего муниципальный правовой акт об утверждении отчета. Учитывается публикация отчетов со всеми приложениями, публикация отдельных составляющих в целях оценки показателя не учитывается. Графический формат допускается для публикация постановляющей части муниципального правового акта об утверждении отчета и не допускается для публикации приложений к отчету (содержательной части). Отчет об исполнении бюджета муниципального образования за первый квартал, полугодие, девять месяцев текущего года должен быть опубликован в течение трех месяцев после окончания отчетного периода и сохраняться не менее трех лет. При нарушении указанного срока применяется понижающий коэффициент за несоблюдение сроков обеспечения доступа к бюджетным данным.
A4: № п/п | B4: Вопрос | C4: ='Методика III этап'!B17 -> Опубликование отчетов об исполнении бюджета муниципального образования за первый квартал, полугодие, девять месяцев текущего финансового года на портале (сайте) | D4: Формат | E4: Доступность (указать, если возникли трудности с поиском документа, если переход осуществляется более, чем за 5 «кликов» с основной страницы портала (сайта), если название раздела не соответствует содержанию) | F4: Оценка показателя 6.1 | K4: Ссылка на источник данных | L4: Комментарии
B5: Варианты ответов | C5: ='Методика III этап'!B19 -> Опубликованы за все отчетные периоды | D5: Word, Excel, PDF | F5: баллы | G5: понижающие коэффициенты | J5: Итого
C6: ='Методика III этап'!B20 -> Не опубликованы или публикуются нерегулярно, или не отвечают требованиям | G6: графический формат | H6: затруднен-ный поиск | I6: несоблюде-ние сроков
B7: Городские округа
A8: 1 | B8: г. Саратов | C8: Опубликованы за все отчетные периоды | D8: PDF | E8: Постановления и соответствующие отчеты размещать в одном архиве. | F8: =IF(C8=$C$5,1,0) -> 1 | J8: =F8*(1-G8)*(1-H8)*(1-I8) -> 1 | K8: http://saratovmer.ru/budget/rubrics/2/1266.html
A9: 2 | B9: ЗАТО Михайловское | C9: Не опубликованы или публикуются нерегулярно, или не отвечают требованиям | D9: Web | F9: =IF(C9=$C$5,1,0) -> 0 | G9: 0.5 | J9: =F9*(1-G9)*(1-H9)*(1-I9) -> 0 | K9: http://mihailovski.ru/?mod=article_list&razdel=80 | L9: Не соблюден формат размещения официального документа. Распоряжение за 9 месяцев - отсутствует.Не предусмотрена возможность скачать документ. Раздел поделен на большое кол-во страниц с одним документом на странице, не удобно искать информацию
A10: 3 | B10: ЗАТО Светлый | C10: Не опубликованы или публикуются нерегулярно, или не отвечают требованиям | D10: Web | F10: =IF(C10=$C$5,1,0) -> 0 | G10: 0.5 | J10: =F10*(1-G10)*(1-H10)*(1-I10) -> 0 | K10: http://www.zatosvetly.ru/city/economics_amp_finance/byudzhet-gorodskogo-okruga/informatsiya-ob-ispolnenii-byudzheta-gorodskogo-okruga-zato-svetlyy/2016/ | L10: Не соблюден формат размещения официального документа. Распоряжение за 9 месяцев - отсутствует. Не предусмотрена возможность скачать документ.
A11: 4 | B11: ЗАТО Шиханы | C11: Не опубликованы или публикуются нерегулярно, или не отвечают требованиям | D11: Word, Excel | F11: =IF(C11=$C$5,1,0) -> 0 | G11: 0.5 | J11: =F11*(1-G11)*(1-H11)*(1-I11) -> 0 | K11: http://zatoshihany.ru/about/statistics/butget/ | L11: Не соблюден формат размещения официального документа. Постановление за 9 месяцев - отсутствует.Раздел не структурирован.
B12: Муниципальные районы
A13: 5 | B13: Александрово-Гайский | C13: Не опубликованы или публикуются нерегулярно, или не отвечают требованиям | D13: Word | F13: =IF(C13=$C$5,1,0) -> 0 | G13: 0.5 | J13: =F13*(1-G13)*(1-H13)*(1-I13) -> 0 | K13: http://algay.sarmo.ru/byudzhet-ekonomika-finansy/byudzhet-dokumenty.php | L13: Не соблюден формат размещения постановляющей части документа. Постановление за 9 месяцев - отсутствует. Раздел не структурирован по годам.
A14: 6 | B14: Аркадакский | C14: Не опубликованы или публикуются нерегулярно, или не отвечают требованиям | D14: PDF, Excel | F14: =IF(C14=$C$5,1,0) -> 0 | J14: =F14*(1-G14)*(1-H14)*(1-I14) -> 0 | K14: http://arkadak.sarmo.ru/index.php?option=com_content&view=article&id=828 | L14: Постановление за 9 месяцев - отсутствует.
A15: 7 | B15: Аткарский | C15: Опубликованы за все отчетные периоды | D15: Word | F15: =IF(C15=$C$5,1,0) -> 1 | G15: 0.5 | J15: =F15*(1-G15)*(1-H15)*(1-I15) -> 0.5 | K15: http://proatkarsk.ru/CityListArticles.aspx?categoryid=155 | L15: Не соблюден формат размещения постановляющей части документа. Раздел не структурирован по годам.
A16: 8 | B16: Базарно-Карабулакский | C16: Опубликованы за все отчетные периоды | D16: PDF | E16: Лишняя архивация всех файлов по отдельности, 6 кликов до документа | F16: =IF(C16=$C$5,1,0) -> 1 | G16: 0.5 | H16: 0.5 | J16: =F16*(1-G16)*(1-H16)*(1-I16) -> 0.25 | K16: http://bkarabulak.sarmo.ru/index.php?option=com_content&view=article&id=4169&Itemid=312 | L16: Не соблюден формат размещения для числовых данных документа.
A17: 9 | B17: Балаковский | C17: Опубликованы за все отчетные периоды | D17: Jpg, Word, Excel | E17: Распоряжение в одном архиве с другой информацией, необходимо отделить. | F17: =IF(C17=$C$5,1,0) -> 1 | J17: =F17*(1-G17)*(1-H17)*(1-I17) -> 1 | K17: http://www.admbal.ru/page/ispolnenie-byudzheta-bmr | L17: Раздел не структурирован по годам.
A18: 10 | B18: Балашовский | C18: Не опубликованы или публикуются нерегулярно, или не отвечают требованиям | D18: Word, Excel | F18: =IF(C18=$C$5,1,0) -> 0 | G18: 0.5 | J18: =F18*(1-G18)*(1-H18)*(1-I18) -> 0 | K18: http://baladmin.ru/administration/divisions-structure/finance/ezhekvartalnye-svedeniya-2016-god.php | L18: Не соблюден формат размещения постановляющей части документа. Отсутствуют сведения за 1 квартал. Название приложений и их содержание не совпадают.
A19: 11 | B19: Балтайский | C19: Не опубликованы или публикуются нерегулярно, или не отвечают требованиям | F19: =IF(C19=$C$5,1,0) -> 0 | J19: =F19*(1-G19)*(1-H19)*(1-I19) -> 0 | L19: На сайте информация не опубликована.
A20: 12 | B20: Вольский | C20: Не опубликованы или публикуются нерегулярно, или не отвечают требованиям | F20: =IF(C20=$C$5,1,0) -> 0 | J20: =F20*(1-G20)*(1-H20)*(1-I20) -> 0 | L20: На сайте информация не опубликована.
A21: 13 | B21: Воскресенский | C21: Не опубликованы или публикуются нерегулярно, или не отвечают требованиям | D21: Word, Excel | F21: =IF(C21=$C$5,1,0) -> 0 | G21: 0.5 | J21: =F21*(1-G21)*(1-H21)*(1-I21) -> 0 | K21: http://voskresensk64.ru/administration/statistics/butget/ | L21: Не соблюден формат размещения постановляющей части документа. Распоряжение за 9 месяцев - отсутствует.
A22: 14 | B22: Дергачевский | C22: Не опубликованы или публикуются нерегулярно, или не отвечают требованиям | D22: Word | F22: =IF(C22=$C$5,1,0) -> 0 | G22: 0.5 | J22: =F22*(1-G22)*(1-H22)*(1-I22) -> 0 | K22: http://dergachi.sarmo.ru/administratsiya/normativno-pravovye-dokumenty/ | L22: Не соблюден формат размещения постановляющей части документа. Постановление за 9 месяцев - отсутствует.
A23: 15 | B23: Духовницкий | C23: Не опубликованы или публикуются нерегулярно, или не отвечают требованиям | D23: Word | F23: =IF(C23=$C$5,1,0) -> 0 | G23: 0.5 | J23: =F23*(1-G23)*(1-H23)*(1-I23) -> 0 | K23: http://duhovnitskoe.sarmo.ru/ispolnenie-byudzheta/ | L23: Не соблюден формат размещения постановляющей части документа. Распоряжение за 9 месяцев - отсутствует.
A24: 16 | B24: Екатериновский | C24: Не опубликованы или публикуются нерегулярно, или не отвечают требованиям | F24: =IF(C24=$C$5,1,0) -> 0 | J24: =F24*(1-G24)*(1-H24)*(1-I24) -> 0 | L24: На сайте информация не опубликована.
A25: 17 | B25: Ершовский | C25: Опубликованы за все отчетные периоды | D25: Word | F25: =IF(C25=$C$5,1,0) -> 1 | G25: 0.5 | J25: =F25*(1-G25)*(1-H25)*(1-I25) -> 0.5 | K25: http://ershov.sarmo.ru/pravovye-akty/ | L25: Не соблюден формат размещения постановляющей части документа.
A26: 18 | B26: Ивантеевский | C26: Опубликованы за все отчетные периоды | D26: PDF, Excel, | F26: =IF(C26=$C$5,1,0) -> 1 | J26: =F26*(1-G26)*(1-H26)*(1-I26) -> 1 | K26: http://ivanteevka.sarmo.ru/byudzhet-dlya-grazhdan/promezhutochnaya-otchetnost-ob-ispolnenii-byudzheta-i-analiticheskie-dannye/otchet-ob-ispolnenii-byudzheta/polugodie-2016-goda/ http://ivanteevka.sarmo.ru/byudzhet-dlya-grazhdan/promezhutochnaya-otchetnost-ob-ispolnenii-byudzheta-i-analiticheskie-dannye/otchet-ob-ispolnenii-byudzheta/1-kvartal-2016-goda/ http://ivanteevka.sarmo.ru/byudzhet-dlya-grazhdan/promezhutochnaya-otchetnost-ob-ispolnenii-byudzheta-i-analiticheskie-dannye/otchet-ob-ispolnenii-byudzheta/9-mesyatsev-2016-goda/
A27: 19 | B27: Калининский | C27: Не опубликованы или публикуются нерегулярно, или не отвечают требованиям | F27: =IF(C27=$C$5,1,0) -> 0 | J27: =F27*(1-G27)*(1-H27)*(1-I27) -> 0 | K27: http://kalininsk.sarmo.ru/predstavitelnyy-organ-munitsipalnogo-rayona/dokumenty-normativnye-akty/ | L27: За текущий год ежеквартальные отчеты по указанному адресу не публиковались
A28: 20 | B28: Красноармейский | C28: Не опубликованы или публикуются нерегулярно, или не отвечают требованиям | D28: Word | F28: =IF(C28=$C$5,1,0) -> 0 | G28: 0.5 | J28: =F28*(1-G28)*(1-H28)*(1-I28) -> 0 | K28: http://krasnoarmeysk.sarmo.ru/krasnoarmeyskiy-rayon/byudzhet/otchet-ob-ispolnenii-byudzheta-krasnoarmeyskogo-munitsipalnogo-rayona/otchet-2016.php?clear_cache=Y | L28: Отсутствует постановляющая часть документов.
A29: 21 | B29: Краснокутский | C29: Не опубликованы или публикуются нерегулярно, или не отвечают требованиям | F29: =IF(C29=$C$5,1,0) -> 0 | J29: =F29*(1-G29)*(1-H29)*(1-I29) -> 0 | K29: http://krasny-kut.ru/municipal_noe_sobranie/oficial_nye_dokumenty/resheniya_sobraniya_deputatov/ | L29: В указанных папках (апрель, июль) необходимые данные для оценки отсутсвуют. На сайте информация не найдена.Не указаны названия решений, затруднен поиск при отсутствии реквизитов документа (даты) - все решения сгруппированы в архив по месяцам.
A30: 22 | B30: Краснопартизанский | C30: Не опубликованы или публикуются нерегулярно, или не отвечают требованиям | D30: jpg, Excel | F30: =IF(C30=$C$5,1,0) -> 0 | J30: =F30*(1-G30)*(1-H30)*(1-I30) -> 0 | K30: http://gornyi.sarmo.ru/index.php?option=com_content&view=article&id=2678:-2016&catid=34:%D0%9E%D1%81%D0%BD%D0%BE%D0%B2%D0%BD%D0%B0%D1%8F%20%D0%BA%D0%B0%D1%82%D0%B5%D0%B3%D0%BE%D1%80%D0%B8%D1%8F | L30: Постановление за 9 месяцев - отсутствует.
A31: 23 | B31: Лысогорский | C31: Не опубликованы или публикуются нерегулярно, или не отвечают требованиям | D31: Word, Excel | F31: =IF(C31=$C$5,1,0) -> 0 | G31: 0.5 | J31: =F31*(1-G31)*(1-H31)*(1-I31) -> 0 | K31: http://adm.lysyegory.ru/base/raion/byudzhet-municipalnogo-raiona/ispolnenie-byudzheta-mr-i-finansovyi-kontrol | L31: Отсутствует постановляющая часть документов, утверждающий отчет за 9 месяцев. В распоряжениях за 1 квартал и за 1 полугодие не соблюден формат размещения постановляющей части документа. Раздел не структурирован.
A32: 24 | B32: Марксовский | C32: Опубликованы за все отчетные периоды | D32: JPG, Excel | E32: Лишняя папка в архиве «за 9 месяцев». | F32: =IF(C32=$C$5,1,0) -> 1 | J32: =F32*(1-G32)*(1-H32)*(1-I32) -> 1 | K32: http://marksadm.ru/icp-b.html
A33: 25 | B33: Новобурасский | C33: Не опубликованы или публикуются нерегулярно, или не отвечают требованиям | D33: Word | F33: =IF(C33=$C$5,1,0) -> 0 | G33: 0.5 | J33: =F33*(1-G33)*(1-H33)*(1-I33) -> 0 | K33: http://www.admnburasy.ru/budget.html | L33: Не соблюден формат размещения постановляющей части документа. Постановление за 9 месяцев - отсутствует. Обратите внимание: в следующий раз присылать конкретную ссылку на страницу, где находится документ.
A34: 26 | B34: Новоузенский | C34: Не опубликованы или публикуются нерегулярно, или не отвечают требованиям | D34: jpg, Excel | E34: Лишняя папка в архивах. | F34: =IF(C34=$C$5,1,0) -> 0 | J34: =F34*(1-G34)*(1-H34)*(1-I34) -> 0 | K34: http://www.novouzensk.ru/budget%20for%20people/ | L34: Распоряжение за 9 месяцев - отсутствует.
A35: 27 | B35: Озинский | C35: Опубликованы за все отчетные периоды | D35: Word | F35: =IF(C35=$C$5,1,0) -> 1 | G35: 0.5 | J35: =F35*(1-G35)*(1-H35)*(1-I35) -> 0.5 | K35: http://ozinki.sarmo.ru/byudzhet/ispolnenie-byudzheta.php?ELEMENT_ID=110 | L35: Не соблюден формат размещения постановляющей части документа.
A36: 28 | B36: Перелюбский | C36: Не опубликованы или публикуются нерегулярно, или не отвечают требованиям | F36: =IF(C36=$C$5,1,0) -> 0 | J36: =F36*(1-G36)*(1-H36)*(1-I36) -> 0 | L36: На сайте информация не опубликована.
A37: 29 | B37: Петровский | C37: Опубликованы за все отчетные периоды | D37: jpg, Excel | F37: =IF(C37=$C$5,1,0) -> 1 | J37: =F37*(1-G37)*(1-H37)*(1-I37) -> 1 | K37: http://petrovsk64.ru/sub-org/fin-upr/otkrytyy-byudzhet/otchetnost/
A38: 30 | B38: Питерский | C38: Не опубликованы или публикуются нерегулярно, или не отвечают требованиям | D38: Word, Excel | F38: =IF(C38=$C$5,1,0) -> 0 | G38: 0.5 | J38: =F38*(1-G38)*(1-H38)*(1-I38) -> 0 | K38: http://piterka.sarmo.ru/byudzhet-piterskogo-mr/ispolnenie-mestnogo-byudzheta/2016/index.php | L38: Не соблюден формат размещения постановляющей части документа. К распоряжению за 1 квартал не прикреплено приложение с самим отчетом.
A39: 31 | B39: Пугачевский | C39: Опубликованы за все отчетные периоды | D39: Word | F39: =IF(C39=$C$5,1,0) -> 1 | G39: 0.5 | J39: =F39*(1-G39)*(1-H39)*(1-I39) -> 0.5 | K39: http://pugachev-adm.ru/ekonomika-rayona/byudzhet-rayona | L39: Не соблюден формат размещения постановляющей части документа.
A40: 32 | B40: Ровенский | C40: Опубликованы за все отчетные периоды | D40: Word, Excel, PDF | F40: =IF(C40=$C$5,1,0) -> 1 | G40: 0.5 | J40: =F40*(1-G40)*(1-H40)*(1-I40) -> 0.5 | K40: http://rovnoe.sarmo.ru/byudzhet/ispolnenie-byudzheta-munitsipalnogo-rayona/2016-god/ | L40: В распоряжениях за 1 квартал и 1 полугодие не соблюден формат размещения постановляющей части документа.
A41: 33 | B41: Романовский | C41: Опубликованы за все отчетные периоды | D41: JPG, Excel | E41: 7 кликов до документа | F41: =IF(C41=$C$5,1,0) -> 1 | H41: 0.5 | J41: =F41*(1-G41)*(1-H41)*(1-I41) -> 0.5 | K41: http://romanovka.sarmo.ru/byudzhet-dlya-grazhdan/byudzhet-romanovskogo-munitsipalnogo-rayona/ispolnenie-byudzheta-romanovskogo-munitsipalnogo-rayona-i-finansovyy-kontrol/otchetnost-ob-ispolnenii-byudzheta/otchet-ob-ispolnenii-byudzheta.php
A42: 34 | B42: Ртищевский | C42: Опубликованы за все отчетные периоды | D42: Word, Excel | F42: =IF(C42=$C$5,1,0) -> 1 | G42: 0.5 | J42: =F42*(1-G42)*(1-H42)*(1-I42) -> 0.5 | K42: http://rtishevo.sarmo.ru/finansovyy-organ/rtishchevskiy-munitsipalnyy-rayon/2016-god/dokumenty-o-khode-ispolneniya-byudzheta-munitsipalnogo-rayona.php | L42: Не соблюден формат размещения постановляющей части документа.
A43: 35 | B43: Самойловский | C43: Не опубликованы или публикуются нерегулярно, или не отвечают требованиям | F43: =IF(C43=$C$5,1,0) -> 0 | J43: =F43*(1-G43)*(1-H43)*(1-I43) -> 0 | L43: По указанной ссылке сведения не найдены, либо их поиск слишком затруднен. Обратите внимание: в следующий раз присылать конкретную ссылку на страницу, где находится документ(много лишних ссылок).
A44: 36 | B44: Саратовский | C44: Не опубликованы или публикуются нерегулярно, или не отвечают требованиям | D44: Word, Excel | E44: Лишняя папка в архиве. | F44: =IF(C44=$C$5,1,0) -> 0 | G44: 0.5 | J44: =F44*(1-G44)*(1-H44)*(1-I44) -> 0 | K44: http://saratov.sarmo.ru/index.php?option=com_content&view=article&id=5125&Itemid=555 | L44: Не соблюден формат размещения постановляющей части документа. Постановление за 9 месяцев - отсутствует.
A45: 37 | B45: Советский | C45: Опубликованы за все отчетные периоды | D45: Word, Excel | E45: 6 кликов до документа, лишняя папка в архиве | F45: =IF(C45=$C$5,1,0) -> 1 | G45: 0.5 | H45: 0.5 | J45: =F45*(1-G45)*(1-H45)*(1-I45) -> 0.25 | K45: http://stepnoeadm.ru/?page_id=292 | L45: Не соблюден формат размещения постановляющей части документа.
A46: 38 | B46: Татищевский | C46: Опубликованы за все отчетные периоды | D46: Word | F46: =IF(C46=$C$5,1,0) -> 1 | G46: 0.5 | J46: =F46*(1-G46)*(1-H46)*(1-I46) -> 0.5 | K46: http://tatishevo.saratov.gov.ru/index.php?option=com_content&view=article&id=1564:2014-02-27-07-02-43&catid=64&Itemid=91 | L46: Не соблюден формат размещения постановляющей части документа. Раздел не структурирован (есть активные ссылки 2014,2015 и 2016 год, а снизу информация по 2016 году отдельно, для чего тут постановление от 24.10.2016 № 894).
A47: 39 | B47: Турковский | C47: Не опубликованы или публикуются нерегулярно, или не отвечают требованиям | D47: Word | E47: 6 кликов до документа | F47: =IF(C47=$C$5,1,0) -> 0 | G47: 0.5 | H47: 0.5 | J47: =F47*(1-G47)*(1-H47)*(1-I47) -> 0 | K47: http://turki.sarmo.ru/sobranie-deputatov-turkovskogo-munitsipalnogo-rayona/dokumenty/byudzhet/byudzhet-turkovskogo-munitsipalnogo-rayona/ | L47: Не соблюден формат размещения постановляющей части документа. При попытке просмотра отчета за 1 квартал, выдает ошибку и карту сайта. Раздел не структурирован по годам.
A48: 40 | B48: Федоровский | C48: Опубликованы за все отчетные периоды | D48: Word, Excel | E48: Лишние папки в архивах. Раздел называется «контроль», хотя с главной страницы переход через раздел «бюджет». | F48: =IF(C48=$C$5,1,0) -> 1 | G48: 0.5 | H48: 0.5 | J48: =F48*(1-G48)*(1-H48)*(1-I48) -> 0.25 | K48: mokrous.fedrayon.ru ; http://mokrous.fedrayon.ru/index.php?option=com_content&view=article&id=291&Itemid=285 | L48: Не соблюден формат размещения постановляющей части документа. Слишком много информации на одной страниц! Раздел не структурирован.
A49: 41 | B49: Хвалынский | C49: Не опубликованы или публикуются нерегулярно, или не отвечают требованиям | D49: Word | F49: =IF(C49=$C$5,1,0) -> 0 | J49: =F49*(1-G49)*(1-H49)*(1-I49) -> 0 | K49: http://hvalynsk.sarmo.ru/administratsiya-khvalynskogo-munitsipalnogo-rayona/byudzhet/ | L49: Не соблюден формат размещения постановляющей части документа. Распоряжение за 9 месяцев - отсутствует. Раздел не структурирован.
A50: 42 | B50: Энгельсский | C50: Опубликованы за все отчетные периоды | D50: PDF, Excel | F50: =IF(C50=$C$5,1,0) -> 1 | J50: =F50*(1-G50)*(1-H50)*(1-I50) -> 1 | K50: http://engels-city.ru/mestnyj-byudzhet

Sheet Показатель 6.2
A1: 6.2. Ежеквартальные сведения об исполнении бюджета муниципального образования | L1: Дата контрольной проверки: 10.11.2016
A2: Комментарий:
A3: ='Методика III этап'!B22 -> В том числе, должна быть представлена следующая информация: 1) исполнение по видам доходов до уровня подгруппы или статьи классификации доходов бюджетов; 2) исполнение по расходам в разрезе разделов и подразделов классификации расходов; 3) исполнение по расходам в разрезе муниципальных программ. Указанные сведения должны быть опубликованы в течение одного месяца после окончания отчетного периода и сохраняться не менее трех лет. При нарушении указанного срока применяется понижающий коэффициент за несоблюдение сроков обеспечения доступа к бюджетным данным.
A4: № п/п | B4: Вопрос | C4: ='Методика III этап'!B21 -> Ежеквартальное опубликование сведений об исполнении бюджета муниципального образования в сравнении с запланированными значениями на соответствующий период (финансовый год) и с соответствующим периодом прошлого года на портале (сайте) | D4: Формат | E4: Доступность (указать, если возникли трудности с поиском документа, если переход осуществляется более, чем за 5 «кликов» с основной страницы портала (сайта), если название раздела не соответствует содержанию) | F4: Оценка показателя 6.2 | K4: Ссылка на источник данных | L4: Комментарии
B5: Варианты ответов | C5: ='Методика III этап'!B23 -> Опубликованы за все отчетные периоды по всем указанным элементам | D5: Word, Excel, PDF | F5: баллы | G5: понижающие коэффициенты | J5: Итого
C6: ='Методика III этап'!B24 -> Опубликованы за все отчетные периоды по двум ключевым элементам | G6: графический формат | H6: затруднен-ный поиск | I6: несоблюде-ние сроков
C7: ='Методика III этап'!B25 -> Не опубликованы или публикуются нерегулярно, или не отвечают требованиям
B8: Городские округа
A9: 1 | B9: г. Саратов | C9: Не опубликованы или публикуются нерегулярно, или не отвечают требованиям | D9: Excel, Word | F9: =IF(C9=$C$5,2,IF(C9=$C$6,1,0)) -> 0 | J9: =F9*(1-G9)*(1-H9)*(1-I9) -> 0 | K9: http://saratovmer.ru/budget/rubrics/2/1266.html | L9: В отчетах за 1 квартал и за 1 полугодие по всем пунктам отсутствует сравнение с соответствующим периодом прошлого года.
A10: 2 | B10: ЗАТО Михайловское | C10: Опубликованы за все отчетные периоды по двум ключевым элементам | D10: Excel | F10: =IF(C10=$C$5,2,IF(C10=$C$6,1,0)) -> 1 | J10: =F10*(1-G10)*(1-H10)*(1-I10) -> 1 | K10: http://mihailovski.ru/?mod=article_list&razdel=80 | L10: В файле на 01.07.2016 года, в заголовке стоит дата «на 01.07.2015 года». Информация на 1.10 отсутствует. Раздел поделен на большое кол-во страниц с одним документом на странице, не удобно искать информацию
A11: 3 | B11: ЗАТО Светлый | C11: Не опубликованы или публикуются нерегулярно, или не отвечают требованиям | D11: Excel | F11: =IF(C11=$C$5,2,IF(C11=$C$6,1,0)) -> 0 | J11: =F11*(1-G11)*(1-H11)*(1-I11) -> 0 | K11: http://www.zatosvetly.ru/city/economics_amp_finance/byudzhet-gorodskogo-okruga/informatsiya-ob-ispolnenii-byudzheta-gorodskogo-okruga-zato-svetlyy/2016/ | L11: Нет сведений по исполнению по расходам в разрезе муниципальных программ. Информация на 1.10 отсутствует.
A12: 4 | B12: ЗАТО Шиханы | C12: Не опубликованы или публикуются нерегулярно, или не отвечают требованиям | F12: =IF(C12=$C$5,2,IF(C12=$C$6,1,0)) -> 0 | J12: =F12*(1-G12)*(1-H12)*(1-I12) -> 0 | L12: Ссылка не предоставлена. На сайте информация не опубликована.
B13: Муниципальные районы
A14: 5 | B14: Александрово-Гайский | C14: Не опубликованы или публикуются нерегулярно, или не отвечают требованиям | D14: Excel | F14: =IF(C14=$C$5,2,IF(C14=$C$6,1,0)) -> 0 | J14: =F14*(1-G14)*(1-H14)*(1-I14) -> 0 | K14: http://algay.sarmo.ru/byudzhet-ekonomika-finansy/byudzhet-dokumenty.php | L14: Отсутствуют сведения за 1 квартал и за 9 месяцев . Раздел не структурирован по годам.
A15: 6 | B15: Аркадакский | C15: Не опубликованы или публикуются нерегулярно, или не отвечают требованиям | D15: Excel | F15: =IF(C15=$C$5,2,IF(C15=$C$6,1,0)) -> 0 | J15: =F15*(1-G15)*(1-H15)*(1-I15) -> 0 | K15: http://arkadak.sarmo.ru/index.php?option=com_content&view=article&id=887 | L15: Отсутствуют сведения за 9 месяцев . Нет ежеквартальных сведений по исполнению по расходам в разрезе разделов и подразделов классификации расходов и в разрезе муниципальных программ.
A16: 7 | B16: Аткарский | C16: Не опубликованы или публикуются нерегулярно, или не отвечают требованиям | D16: Word | F16: =IF(C16=$C$5,2,IF(C16=$C$6,1,0)) -> 0 | J16: =F16*(1-G16)*(1-H16)*(1-I16) -> 0 | K16: proatkarsk.ru/CityListArticles.aspx?categoryid=155 | L16: Исполнение по доходам и расходам публиковано без сравнения с соответствующим периодом прошлого года. Нет сведений по исполнению по расходам в разрезе муниципальных программ. Раздел не структурирован по годам.
A17: 8 | B17: Базарно-Карабулакский | C17: Не опубликованы или публикуются нерегулярно, или не отвечают требованиям | D17: Web | F17: =IF(C17=$C$5,2,IF(C17=$C$6,1,0)) -> 0 | J17: =F17*(1-G17)*(1-H17)*(1-I17) -> 0 | K17: http://bkarabulak.sarmo.ru/index.php?option=com_content&view=article&id=4169&Itemid=312 | L17: Исполнение по доходам и расходам публиковано без сравнения с соответствующим периодом прошлого года. Не предусмотрена возможность скачать сведения. Раздел не структурирован по годам.
A18: 9 | B18: Балаковский | C18: Опубликованы за все отчетные периоды по двум ключевым элементам | D18: Excel | F18: =IF(C18=$C$5,2,IF(C18=$C$6,1,0)) -> 1 | J18: =F18*(1-G18)*(1-H18)*(1-I18) -> 1 | K18: http://www.admbal.ru/page/ispolnenie-byudzheta-bmr | L18: Отсутствует исполнение по доходам за 9 месяцев.
A19: 10 | B19: Балашовский | C19: Не опубликованы или публикуются нерегулярно, или не отвечают требованиям | D19: Excel, Word | F19: =IF(C19=$C$5,2,IF(C19=$C$6,1,0)) -> 0 | J19: =F19*(1-G19)*(1-H19)*(1-I19) -> 0 | K19: http://baladmin.ru/ezhekvartalnye-svedeniya-ob-ob-ispolnenii-byudzheta-2016-god.php | L19: Отсутствуют сведения за 1 квартал . Исполнение по расходам в разрезе муниципальных программ опубликовано без сравнения с запланированными значениями на соответствующий период (финансовый год) (нет графы «% исполнения») и с соответствующим периодом прошлого года.
A20: 11 | B20: Балтайский | C20: Не опубликованы или публикуются нерегулярно, или не отвечают требованиям | D20: Excel | F20: =IF(C20=$C$5,2,IF(C20=$C$6,1,0)) -> 0 | J20: =F20*(1-G20)*(1-H20)*(1-I20) -> 0 | K20: http://adm-baltay.ru/finansovoe-upravlenie/ | L20: По доходам исполнение бюджета представлено укрупненно, без деталихзации до уровня подгруппы и статьс классификации доходов бюджета. В разрезе муницюпрограмм расходы не представлены
A21: 12 | B21: Вольский | C21: Не опубликованы или публикуются нерегулярно, или не отвечают требованиям | D21: Excel | F21: =IF(C21=$C$5,2,IF(C21=$C$6,1,0)) -> 0 | J21: =F21*(1-G21)*(1-H21)*(1-I21) -> 0 | K21: http://вольск.рф/?page_id=4238 | L21: По указанной ссылке размещены сведения о доходах на 1.11.2016, ежеквартальные сведения отсутствуют. Данных по расходной части - отсутствуют.
A22: 13 | B22: Воскресенский | C22: Не опубликованы или публикуются нерегулярно, или не отвечают требованиям | F22: =IF(C22=$C$5,2,IF(C22=$C$6,1,0)) -> 0 | J22: =F22*(1-G22)*(1-H22)*(1-I22) -> 0 | L22: На сайте информация не опубликована.
A23: 14 | B23: Дергачевский | C23: Опубликованы за все отчетные периоды по всем указанным элементам | D23: Excel | F23: =IF(C23=$C$5,2,IF(C23=$C$6,1,0)) -> 2 | J23: =F23*(1-G23)*(1-H23)*(1-I23) -> 2 | K23: http://dergachi.sarmo.ru/administratsiya/otchety/ | L23: Раздел не структурирован.
A24: 15 | B24: Духовницкий | C24: Не опубликованы или публикуются нерегулярно, или не отвечают требованиям | F24: =IF(C24=$C$5,2,IF(C24=$C$6,1,0)) -> 0 | J24: =F24*(1-G24)*(1-H24)*(1-I24) -> 0 | K24: http://duhovnitskoe.sarmo.ru/ispolnenie-byudzheta/ | L24: Предоставлены ссылки на распоряжения об утверждении отчетов об исполнении бюджета, данные не подходят дл я оценки по данному показателю.
A25: 16 | B25: Екатериновский | C25: Не опубликованы или публикуются нерегулярно, или не отвечают требованиям | F25: =IF(C25=$C$5,2,IF(C25=$C$6,1,0)) -> 0 | J25: =F25*(1-G25)*(1-H25)*(1-I25) -> 0 | L25: На сайте информация не опубликована.
A26: 17 | B26: Ершовский | C26: Не опубликованы или публикуются нерегулярно, или не отвечают требованиям | F26: =IF(C26=$C$5,2,IF(C26=$C$6,1,0)) -> 0 | J26: =F26*(1-G26)*(1-H26)*(1-I26) -> 0 | L26: На сайте информация не опубликована.
A27: 18 | B27: Ивантеевский | C27: Опубликованы за все отчетные периоды по всем указанным элементам | D27: Word | F27: =IF(C27=$C$5,2,IF(C27=$C$6,1,0)) -> 2 | J27: =F27*(1-G27)*(1-H27)*(1-I27) -> 2 | K27: http://ivanteevka.sarmo.ru/byudzhet-dlya-grazhdan/promezhutochnaya-otchetnost-ob-ispolnenii-byudzheta-i-analiticheskie-dannye/ezhekvartalnye-svedeniya-ob-ispolnenii-byudzheta/2016-god/
A28: 19 | B28: Калининский | C28: Не опубликованы или публикуются нерегулярно, или не отвечают требованиям | D28: Excel | F28: =IF(C28=$C$5,2,IF(C28=$C$6,1,0)) -> 0 | J28: =F28*(1-G28)*(1-H28)*(1-I28) -> 0 | K28: http://kalininsk.sarmo.ru/informatsiya-o-munitsipalnom-rayone/byudzhet-munitsipalnogo-rayona/?ELEMENT_ID=1416 | L28: Отсутствуют сведения за 9 месяцев. В сведениях за 1 квартал и за 1 полугодия по всем ключевым элементам не хватает для наглядности граф «исполнени в % к назначениям» и «исполнение в % к предыдущему году»
A29: 20 | B29: Красноармейский | C29: Опубликованы за все отчетные периоды по всем указанным элементам | D29: Excel | F29: =IF(C29=$C$5,2,IF(C29=$C$6,1,0)) -> 2 | J29: =F29*(1-G29)*(1-H29)*(1-I29) -> 2 | K29: http://krasnoarmeysk.sarmo.ru/krasnoarmeyskiy-rayon/byudzhet/otchet-ob-ispolnenii-byudzheta-krasnoarmeyskogo-munitsipalnogo-rayona/sved-2016.php?clear_cache=Y | L29: По всем ключевым элементаме не хватает для наглядности графы «исполнени в % к назначениям.
A30: 21 | B30: Краснокутский | C30: Не опубликованы или публикуются нерегулярно, или не отвечают требованиям | F30: =IF(C30=$C$5,2,IF(C30=$C$6,1,0)) -> 0 | J30: =F30*(1-G30)*(1-H30)*(1-I30) -> 0 | K30: http://krasny-kut.ru/krasnokutskij_rajon/konomika_i_finansy/finansy/ | L30: Ошибка на сайте, страница не найдена
A31: 22 | B31: Краснопартизанский | C31: Опубликованы за все отчетные периоды по двум ключевым элементам | D31: Excel | F31: =IF(C31=$C$5,2,IF(C31=$C$6,1,0)) -> 1 | J31: =F31*(1-G31)*(1-H31)*(1-I31) -> 1 | K31: http://gornyi.sarmo.ru/index.php?option=com_content&view=article&id=2678:-2016&catid=34:%D0%9E%D1%81%D0%BD%D0%BE%D0%B2%D0%BD%D0%B0%D1%8F%20%D0%BA%D0%B0%D1%82%D0%B5%D0%B3%D0%BE%D1%80%D0%B8%D1%8F | L31: Отсутствуют сведения за 9 месяцев по муниципальным программам.
A32: 23 | B32: Лысогорский | C32: Не опубликованы или публикуются нерегулярно, или не отвечают требованиям | D32: Excel | F32: =IF(C32=$C$5,2,IF(C32=$C$6,1,0)) -> 0 | J32: =F32*(1-G32)*(1-H32)*(1-I32) -> 0 | K32: http://adm.lysyegory.ru/base/raion/byudzhet-municipalnogo-raiona/ispolnenie-byudzheta-mr-i-finansovyi-kontrol | L32: Отсутствуют сведения за 1 1 квартал и 1 полугодие по расходам, за все периоды - по муниципальным программам.
A33: 24 | B33: Марксовский | C33: Опубликованы за все отчетные периоды по всем указанным элементам | D33: Excel | F33: =IF(C33=$C$5,2,IF(C33=$C$6,1,0)) -> 2 | J33: =F33*(1-G33)*(1-H33)*(1-I33) -> 2 | K33: http://marksadm.ru/icp-b.html
A34: 25 | B34: Новобурасский | C34: Не опубликованы или публикуются нерегулярно, или не отвечают требованиям | F34: =IF(C34=$C$5,2,IF(C34=$C$6,1,0)) -> 0 | J34: =F34*(1-G34)*(1-H34)*(1-I34) -> 0 | K34: http://www.admnburasy.ru/budget.html | L34: Обратите внимание: в следующий раз присылать конкретную ссылку на страницу, где находится документ.
A35: 26 | B35: Новоузенский | C35: Опубликованы за все отчетные периоды по всем указанным элементам | D35: Excel | E35: Лишняя папка в архивах. | F35: =IF(C35=$C$5,2,IF(C35=$C$6,1,0)) -> 2 | J35: =F35*(1-G35)*(1-H35)*(1-I35) -> 2 | K35: http://www.novouzensk.ru/budget%20for%20people/
A36: 27 | B36: Озинский | C36: Опубликованы за все отчетные периоды по всем указанным элементам | D36: Excel, Word | F36: =IF(C36=$C$5,2,IF(C36=$C$6,1,0)) -> 2 | J36: =F36*(1-G36)*(1-H36)*(1-I36) -> 2 | K36: http://ozinki.sarmo.ru/byudzhet/ispolnenie-byudzheta.php?ELEMENT_ID=110 | L36: Раздел не структурирован.
A37: 28 | B37: Перелюбский | C37: Не опубликованы или публикуются нерегулярно, или не отвечают требованиям | F37: =IF(C37=$C$5,2,IF(C37=$C$6,1,0)) -> 0 | J37: =F37*(1-G37)*(1-H37)*(1-I37) -> 0 | L37: На сайте информация не опубликована.
A38: 29 | B38: Петровский | C38: Опубликованы за все отчетные периоды по всем указанным элементам | D38: Excel | F38: =IF(C38=$C$5,2,IF(C38=$C$6,1,0)) -> 2 | J38: =F38*(1-G38)*(1-H38)*(1-I38) -> 2 | K38: http://petrovsk64.ru/sub-org/fin-upr/otkrytyy-byudzhet/otchetnost/
A39: 30 | B39: Питерский | C39: Не опубликованы или публикуются нерегулярно, или не отвечают требованиям | D39: Excel | F39: =IF(C39=$C$5,2,IF(C39=$C$6,1,0)) -> 0 | J39: =F39*(1-G39)*(1-H39)*(1-I39) -> 0 | K39: http://piterka.sarmo.ru/byudzhet-piterskogo-mr/byudzhet-dlya-grazhdan/ | L39: Отсутствуют сведения за 9 месяцев. Нет сведений по исполнению по расходам в разрезе муниципальных программ. Раздел, где находятся документы, не структурирован.
A40: 31 | B40: Пугачевский | C40: Не опубликованы или публикуются нерегулярно, или не отвечают требованиям | F40: =IF(C40=$C$5,2,IF(C40=$C$6,1,0)) -> 0 | J40: =F40*(1-G40)*(1-H40)*(1-I40) -> 0 | L40: На сайте информация не опубликована.
A41: 32 | B41: Ровенский | C41: Опубликованы за все отчетные периоды по всем указанным элементам | D41: Excel | F41: =IF(C41=$C$5,2,IF(C41=$C$6,1,0)) -> 2 | J41: =F41*(1-G41)*(1-H41)*(1-I41) -> 2 | K41: http://rovnoe.sarmo.ru/byudzhet/ispolnenie-byudzheta-munitsipalnogo-rayona/2016-god1/
A42: 33 | B42: Романовский | C42: Опубликованы за все отчетные периоды по всем указанным элементам | D42: Excel | F42: =IF(C42=$C$5,2,IF(C42=$C$6,1,0)) -> 2 | J42: =F42*(1-G42)*(1-H42)*(1-I42) -> 2 | K42: http://romanovka.sarmo.ru/byudzhet-dlya-grazhdan/byudzhet-romanovskogo-munitsipalnogo-rayona/ispolnenie-byudzheta-romanovskogo-munitsipalnogo-rayona-i-finansovyy-kontrol/otchetnost-ob-ispolnenii-byudzheta/ | L42: В отчетах по муниципальным программам не хватает для наглядности графы «исполнени в % к назначениям» .
A43: 34 | B43: Ртищевский | C43: Не опубликованы или публикуются нерегулярно, или не отвечают требованиям | D43: Excel, Word | F43: =IF(C43=$C$5,2,IF(C43=$C$6,1,0)) -> 0 | J43: =F43*(1-G43)*(1-H43)*(1-I43) -> 0 | K43: http://rtishevo.sarmo.ru/finansovyy-organ/rtishchevskiy-munitsipalnyy-rayon/2016-god/dokumenty-o-khode-ispolneniya-byudzheta-munitsipalnogo-rayona.php | L43: Исполнение по доходам и расходам публиковано без сравнения с соответствующим периодом прошлого года. Нет сведений по исполнению по расходам в разрезе муниципальных программ.
A44: 35 | B44: Самойловский | C44: Не опубликованы или публикуются нерегулярно, или не отвечают требованиям | D44: Excel | F44: =IF(C44=$C$5,2,IF(C44=$C$6,1,0)) -> 0 | J44: =F44*(1-G44)*(1-H44)*(1-I44) -> 0 | K44: http://sam64.ru/index.php?option=com_content&view=article&id=172&Itemid=155 | L44: Нет сведений за 1 квартал (данные на 1.05.2016 года). Нет сведений по исполнению по расходам в разрезе муниципальных программ. Раздел, где находятся документы, не структурирован. Обратите внимание: в следующий раз присылать конкретную ссылку на страницу, где находится документ(много лишних ссылок).
A45: 36 | B45: Саратовский | C45: Не опубликованы или публикуются нерегулярно, или не отвечают требованиям | D45: Excel | F45: =IF(C45=$C$5,2,IF(C45=$C$6,1,0)) -> 0 | J45: =F45*(1-G45)*(1-H45)*(1-I45) -> 0 | K45: http://saratov.sarmo.ru/index.php?option=com_content&view=article&id=5125&Itemid=555 | L45: Отчеты по исполнению доходной и расходной части за 1 квартал и 1 полугодие представлены без сравнения с аналогичными периодами прошлого года.
A46: 37 | B46: Советский | C46: Не опубликованы или публикуются нерегулярно, или не отвечают требованиям | F46: =IF(C46=$C$5,2,IF(C46=$C$6,1,0)) -> 0 | J46: =F46*(1-G46)*(1-H46)*(1-I46) -> 0 | L46: На сайте информация не опубликована.
A47: 38 | B47: Татищевский | C47: Опубликованы за все отчетные периоды по двум ключевым элементам | D47: Excel | F47: =IF(C47=$C$5,2,IF(C47=$C$6,1,0)) -> 1 | J47: =F47*(1-G47)*(1-H47)*(1-I47) -> 1 | K47: http://tatishevo.saratov.gov.ru/index.php?option=com_content&view=article&id=3178:2016-09-21-13-14-17&catid=64:2009-12-20-17-44-19&Itemid=91 | L47: Нет сведений по исполнению по расходам в разрезе муниципальных программ. В файлах смущает название графы «темп роста бюджета к факту 2016 г» (просмотрите три файла, что на что делите, и как называются эти графы). Раздел не структурирован (есть активные ссылки 2014,2015 и 2016 год, а снизу информация по 2016 году отдельно).
A48: 39 | B48: Турковский | C48: Не опубликованы или публикуются нерегулярно, или не отвечают требованиям | F48: =IF(C48=$C$5,2,IF(C48=$C$6,1,0)) -> 0 | J48: =F48*(1-G48)*(1-H48)*(1-I48) -> 0 | L48: На сайте информация не опубликована.
A49: 40 | B49: Федоровский | C49: Опубликованы за все отчетные периоды по двум ключевым элементам | D49: Word, Excel | E49: Раздел называется «контроль», хотя с главной страницы переход через раздел «бюджет». | F49: =IF(C49=$C$5,2,IF(C49=$C$6,1,0)) -> 1 | H49: 0.5 | J49: =F49*(1-G49)*(1-H49)*(1-I49) -> 0.5 | K49: mokrous.fedrayon.ru ; http://mokrous.fedrayon.ru/index.php?option=com_content&view=article&id=291&Itemid=285 | L49: Сведения об исполнении по расходам в разрезе муниципальных программ опубликованы без сравнения с аналогичным периодом прошлого года. Слишком много информации на одной страниц! Раздел не структурирован.
A50: 41 | B50: Хвалынский | C50: Опубликованы за все отчетные периоды по двум ключевым элементам | D50: Excel | F50: =IF(C50=$C$5,2,IF(C50=$C$6,1,0)) -> 1 | J50: =F50*(1-G50)*(1-H50)*(1-I50) -> 1 | K50: http://hvalynsk.sarmo.ru/administratsiya-khvalynskogo-munitsipalnogo-rayona/byudzhet/ | L50: Сведения об исполнении по расходам в разрезе муниципальных программ не опубликованы. Раздел не структурирован.
A51: 42 | B51: Энгельсский | C51: Не опубликованы или публикуются нерегулярно, или не отвечают требованиям | D51: Excel | F51: =IF(C51=$C$5,2,IF(C51=$C$6,1,0)) -> 0 | J51: =F51*(1-G51)*(1-H51)*(1-I51) -> 0 | K51: http://engels-city.ru/mestnyj-byudzhet | L51: По всем пунктам отсутствует сравнение с соответствующим периодом прошлого года.

Sheet Показатель 6.3
A1: 6.3. Ежеквартальные сведения об объеме муниципального долга муниципального образования | L1: Дата контрольной проверки: 10.11.2016
A2: Комментарий:
A3: ='Методика III этап'!B27 -> В целях оценки показателя учитывается публикация сведений об объеме муниципального долга муниципального образования на начало и на конец отчетного периода по видам долговых обязательств или по видам заимствований. Указанные сведения должны быть опубликованы в течение одного месяца после окончания отчетного периода и сохраняться не менее трех лет. При нарушении указанного срока применяется понижающий коэффициент за несоблюдение сроков обеспечения доступа к бюджетным данным.
A4: № п/п | B4: Вопрос | C4: ='Методика III этап'!B26 -> Ежеквартальное опубликование сведений об объеме муниципального долга муниципального образования на начало и на конец отчетного периода на портале (сайте) | D4: Формат | E4: Доступность (указать, если возникли трудности с поиском документа, если переход осуществляется более, чем за 5 «кликов» с основной страницы портала (сайта), если название раздела не соответствует содержанию) | F4: Оценка показателя 6.3 | K4: Ссылка на источник данных | L4: Комментарии
B5: Варианты ответов | C5: ='Методика III этап'!B28 -> Опубликованы за все отчетные периоды и отвечают всем требованиям | D5: Word, Excel, PDF | F5: баллы | G5: понижающие коэффициенты | J5: Итого
C6: ='Методика III этап'!B29 -> Не опубликованы или публикуются нерегулярно, или не отвечают требованиям | G6: графический формат | H6: затруднен-ный поиск | I6: несоблюде-ние сроков
B7: Городские округа
A8: 1 | B8: г. Саратов | C8: Опубликованы за все отчетные периоды и отвечают всем требованиям | D8: Excel | E8: Лишняя папка в архиве. | F8: =IF(C8=$C$5,1,0) -> 1 | J8: =F8*(1-G8)*(1-H8)*(1-I8) -> 1 | K8: http://saratovmer.ru/budget/rubrics/2/1266.html | L8: Для наглядности желательно в последующих файлах отражать информацию из предыдущих. К примеру, в файле на 01.10 хорошо бы видеть сведения не только на 01.01. и на 01.10. (что достаточно для оценки), но и на 01.04 и на 01.07.
A9: 2 | B9: ЗАТО Михайловское | C9: Не опубликованы или публикуются нерегулярно, или не отвечают требованиям | D9: Web | F9: =IF(C9=$C$5,1,0) -> 0 | J9: =F9*(1-G9)*(1-H9)*(1-I9) -> 0 | K9: http://mihailovski.ru/?mod=article_list&razdel=80&shift=3 | L9: Опубликована информация о долге на 1.04. Не понятно, от чего именно указан удельный вес. Не предусмотрена возможность скачать информацию.Раздел поделен на большое кол-во страниц с одним документом на странице, не удобно искать информацию
A10: 3 | B10: ЗАТО Светлый | C10: Опубликованы за все отчетные периоды и отвечают всем требованиям | F10: =IF(C10=$C$5,1,0) -> 1 | J10: =F10*(1-G10)*(1-H10)*(1-I10) -> 1 | L10: Муниципальный долг отсутствует
A11: 4 | B11: ЗАТО Шиханы | F11: =IF(C11=$C$5,1,0) -> 0 | J11: =F11*(1-G11)*(1-H11)*(1-I11) -> 0 | L11: Ссылка не предоставлена. На сайте информация не опубликована.
B12: Муниципальные районы
A13: 5 | B13: Александрово-Гайский | C13: Не опубликованы или публикуются нерегулярно, или не отвечают требованиям | D13: Excel | F13: =IF(C13=$C$5,1,0) -> 0 | J13: =F13*(1-G13)*(1-H13)*(1-I13) -> 0 | K13: http://algay.sarmo.ru/byudzhet-ekonomika-finansy/byudzhet-dokumenty.php | L13: Отсутствует информация на 1.10.Для наглядности желательно в последующих файлах отражать информацию из предыдущих. К примеру, в файле на 01.07 хорошо бы видеть сведения не только на 01.01. и на 01.07. (что достаточно для оценки), но и на 01.04. Раздел не структурирован по годам.
A14: 6 | B14: Аркадакский | C14: Не опубликованы или публикуются нерегулярно, или не отвечают требованиям | D14: Excel | F14: =IF(C14=$C$5,1,0) -> 0 | J14: =F14*(1-G14)*(1-H14)*(1-I14) -> 0 | K14: http://arkadak.sarmo.ru/index.php?option=com_content&view=article&id=888 | L14: В целях оценки показателя учитываетсяежеквартальная публикация сведений об объеме муниципального долга муниципального образования на начало и на конец отчетного периода
A15: 7 | B15: Аткарский | C15: Не опубликованы или публикуются нерегулярно, или не отвечают требованиям | D15: Web, Word | F15: =IF(C15=$C$5,1,0) -> 0 | J15: =F15*(1-G15)*(1-H15)*(1-I15) -> 0 | K15: http://proatkarsk.ru/CityListArticles.aspx?categoryid=294 | L15: В целях оценки показателя учитывается ежеквартальная публикация сведений об объеме муниципального долга муниципального образования на начало и на конец отчетного периода. Для наглядности желательно в последующих файлах отражать информацию из предыдущих. К примеру, в файле на 01.10 хорошо бы видеть сведения не только на 01.01. и на 01.10. (что достаточно для оценки), но и на 01.04 и на 01.07. Не для всех данных предусмотрена возможность скачать сведения.
A16: 8 | B16: Базарно-Карабулакский | C16: Не опубликованы или публикуются нерегулярно, или не отвечают требованиям | D16: Web | F16: =IF(C16=$C$5,1,0) -> 0 | J16: =F16*(1-G16)*(1-H16)*(1-I16) -> 0 | K16: http://bkarabulak.sarmo.ru/index.php?option=com_content&view=article&id=5672&Itemid=328 | L16: В целях оценки показателя учитывается ежеквартальная публикация сведений об объеме муниципального долга муниципального образования на начало и на конец отчетного периода. Отсутствуют сведения на 1.10. Не предусмотрена возможность скачать сведения.
A17: 9 | B17: Балаковский | C17: Опубликованы за все отчетные периоды и отвечают всем требованиям | D17: Word | F17: =IF(C17=$C$5,1,0) -> 1 | J17: =F17*(1-G17)*(1-H17)*(1-I17) -> 1 | K17: http://www.admbal.ru/page/ispolnenie-byudzheta-bmr | L17: Для наглядности желательно в последующих файлах отражать информацию из предыдущих. К примеру, в файле на 01.10 хорошо бы видеть сведения не только на 01.01. и на 01.10. (что достаточно для оценки), но и на 01.04 и на 01.07.
A18: 10 | B18: Балашовский | C18: Не опубликованы или публикуются нерегулярно, или не отвечают требованиям | D18: Excel | F18: =IF(C18=$C$5,1,0) -> 0 | J18: =F18*(1-G18)*(1-H18)*(1-I18) -> 0 | K18: http://baladmin.ru/administration/divisions-structure/finance/ezhekvartalnye-svedeniya-ob-obeme-munitsipalnogo-dolga-2016-god.php | L18: Отсутствуют сведения на 01.04.2016. Для наглядности желательно в последующих файлах отражать информацию из предыдущих. К примеру, в файле на 01.10 хорошо бы видеть сведения не только на 01.01. и на 01.10. (что достаточно для оценки), но и на 01.04 и на 01.07.
A19: 11 | B19: Балтайский | C19: Не опубликованы или публикуются нерегулярно, или не отвечают требованиям | D19: Word | F19: =IF(C19=$C$5,1,0) -> 0 | J19: =F19*(1-G19)*(1-H19)*(1-I19) -> 0 | K19: http://adm-baltay.ru/finansovoe-upravlenie/ | L19: Сведения представлены только на 1.10 (указаны данные на 1.07, вместо 1.01). Для наглядности желательно в последующих файлах отражать информацию из предыдущих. К примеру, в файле на 01.10 хорошо бы видеть сведения не только на 01.01. и на 01.10. (что достаточно для оценки), но и на 01.04 и на 01.07.
A20: 12 | B20: Вольский | C20: Не опубликованы или публикуются нерегулярно, или не отвечают требованиям | F20: =IF(C20=$C$5,1,0) -> 0 | J20: =F20*(1-G20)*(1-H20)*(1-I20) -> 0 | L20: На сайте информация не опубликована.
A21: 13 | B21: Воскресенский | C21: Не опубликованы или публикуются нерегулярно, или не отвечают требованиям | F21: =IF(C21=$C$5,1,0) -> 0 | J21: =F21*(1-G21)*(1-H21)*(1-I21) -> 0 | L21: На сайте информация не опубликована.
A22: 14 | B22: Дергачевский | C22: Опубликованы за все отчетные периоды и отвечают всем требованиям | D22: Word | F22: =IF(C22=$C$5,1,0) -> 1 | J22: =F22*(1-G22)*(1-H22)*(1-I22) -> 1 | K22: http://dergachi.sarmo.ru/administratsiya/otchety/ | L22: Для наглядности желательно в последующих файлах отражать информацию из предыдущих. К примеру, в файле на 01.10 хорошо бы видеть сведения не только на 01.01. и на 01.10. (что достаточно для оценки), но и на 01.04 и на 01.07. Раздел не структурирован.
A23: 15 | B23: Духовницкий | C23: Не опубликованы или публикуются нерегулярно, или не отвечают требованиям | D23: Web | F23: =IF(C23=$C$5,1,0) -> 0 | G23: 0.5 | J23: =F23*(1-G23)*(1-H23)*(1-I23) -> 0 | K23: http://duhovnitskoe.sarmo.ru/ispolnenie-byudzheta/ | L23: В целях оценки показателя учитывается ежеквартальная публикация сведений об объеме муниципального долга муниципального образования на начало и на конец отчетного периода. Отсутствуют сведения на 1.10. Для наглядности желательно в последующих файлах отражать информацию из предыдущих. К примеру, в файле на 01.07 хорошо бы видеть сведения не только на 01.01. и на 01.07. (что достаточно для оценки), но и на 01.04 . Раздел не структурирован.
A24: 16 | B24: Екатериновский | C24: Не опубликованы или публикуются нерегулярно, или не отвечают требованиям | F24: =IF(C24=$C$5,1,0) -> 0 | J24: =F24*(1-G24)*(1-H24)*(1-I24) -> 0 | L24: На сайте информация не опубликована.
A25: 17 | B25: Ершовский | C25: Не опубликованы или публикуются нерегулярно, или не отвечают требованиям | F25: =IF(C25=$C$5,1,0) -> 0 | J25: =F25*(1-G25)*(1-H25)*(1-I25) -> 0 | K25: http://ershov.sarmo.ru/raion-sobr/resheniya/ | L25: Публикации ежеквартальных сведений об объеме муниципального долга по данной ссылке отсутствуют
A26: 18 | B26: Ивантеевский | C26: Опубликованы за все отчетные периоды и отвечают всем требованиям | D26: Word | F26: =IF(C26=$C$5,1,0) -> 1 | J26: =F26*(1-G26)*(1-H26)*(1-I26) -> 1 | K26: http://ivanteevka.sarmo.ru/byudzhet-dlya-grazhdan/promezhutochnaya-otchetnost-ob-ispolnenii-byudzheta-i-analiticheskie-dannye/ezhekvartalnye-svedeniya-ob-obeme-munitsipalnogo-dolga/ | L26: Для наглядности желательно в последующих файлах отражать информацию из предыдущих. К примеру, в файле на 01.10 хорошо бы видеть сведения не только на 01.01. и на 01.10. (что достаточно для оценки), но и на 01.04 и на 01.07.
A27: 19 | B27: Калининский | C27: Не опубликованы или публикуются нерегулярно, или не отвечают требованиям | D27: Excel | F27: =IF(C27=$C$5,1,0) -> 0 | J27: =F27*(1-G27)*(1-H27)*(1-I27) -> 0 | K27: http://kalininsk.sarmo.ru/informatsiya-o-munitsipalnom-rayone/byudzhet-munitsipalnogo-rayona/?ELEMENT_ID=1417 | L27: Отсутствуют сведения на 01.10.2016. Для наглядности желательно в последующих файлах отражать информацию из предыдущих. К примеру, в файле на 01.07 хорошо бы видеть сведения не только на 01.01. и на 01.07. (что достаточно для оценки), но и на 01.04.
A28: 20 | B28: Красноармейский | C28: Опубликованы за все отчетные периоды и отвечают всем требованиям | D28: Excel | F28: =IF(C28=$C$5,1,0) -> 1 | J28: =F28*(1-G28)*(1-H28)*(1-I28) -> 1 | K28: http://krasnoarmeysk.sarmo.ru/krasnoarmeyskiy-rayon/byudzhet/otchet-ob-ispolnenii-byudzheta-krasnoarmeyskogo-munitsipalnogo-rayona/dolg-2016.php?clear_cache=Y | L28: Для наглядности желательно в последующих файлах отражать информацию из предыдущих. К примеру, в файле на 01.10 хорошо бы видеть сведения не только на 01.01. и на 01.10. (что достаточно для оценки), но и на 01.04 и на 01.07.
A29: 21 | B29: Краснокутский | C29: Не опубликованы или публикуются нерегулярно, или не отвечают требованиям | F29: =IF(C29=$C$5,1,0) -> 0 | J29: =F29*(1-G29)*(1-H29)*(1-I29) -> 0 | K29: http://krasny-kut.ru/krasnokutskij_rajon/konomika_i_finansy/finansy/ | L29: Ошибка на сайте, страница не найдена
A30: 22 | B30: Краснопартизанский | C30: Опубликованы за все отчетные периоды и отвечают всем требованиям | D30: Excel | F30: =IF(C30=$C$5,1,0) -> 1 | J30: =F30*(1-G30)*(1-H30)*(1-I30) -> 1 | K30: http://gornyi.sarmo.ru/index.php?option=com_content&view=article&id=2678:-2016&catid=34:%D0%9E%D1%81%D0%BD%D0%BE%D0%B2%D0%BD%D0%B0%D1%8F%20%D0%BA%D0%B0%D1%82%D0%B5%D0%B3%D0%BE%D1%80%D0%B8%D1%8F | L30: Для наглядности желательно в последующих файлах отражать информацию из предыдущих. К примеру, в файле на 01.10 хорошо бы видеть сведения не только на 01.01. и на 01.10. (что достаточно для оценки), но и на 01.04 и на 01.07.
A31: 23 | B31: Лысогорский | C31: Не опубликованы или публикуются нерегулярно, или не отвечают требованиям | D31: Excel | F31: =IF(C31=$C$5,1,0) -> 0 | J31: =F31*(1-G31)*(1-H31)*(1-I31) -> 0 | K31: http://adm.lysyegory.ru/base/raion/byudzhet-municipalnogo-raiona/ispolnenie-byudzheta-mr-i-finansovyi-kontrol | L31: Отсутствуют сведения за 1 квартал и 1 полугодие. Данные за 9 месяцев размещены под заголовком «Сведения об объеме муниципального долга муниципального района на начало и на конец отчетного периода (2 квартал) ». Для наглядности желательно в последующих файлах отражать информацию из предыдущих. К примеру, в файле на 01.10 хорошо бы видеть сведения не только на 01.01. и на 01.10. (что достаточно для оценки), но и на 01.04 и на 01.07.
A32: 24 | B32: Марксовский | C32: Опубликованы за все отчетные периоды и отвечают всем требованиям | D32: Excel | F32: =IF(C32=$C$5,1,0) -> 1 | J32: =F32*(1-G32)*(1-H32)*(1-I32) -> 1 | K32: http://marksadm.ru/icp-b.html
A33: 25 | B33: Новобурасский | C33: Не опубликованы или публикуются нерегулярно, или не отвечают требованиям | F33: =IF(C33=$C$5,1,0) -> 0 | J33: =F33*(1-G33)*(1-H33)*(1-I33) -> 0 | L33: На сайте информация не опубликована. Обратите внимание: в следующий раз присылать конкретную ссылку на страницу, где находится документ.
A34: 26 | B34: Новоузенский | C34: Опубликованы за все отчетные периоды и отвечают всем требованиям | D34: Excel | F34: =IF(C34=$C$5,1,0) -> 1 | J34: =F34*(1-G34)*(1-H34)*(1-I34) -> 1 | K34: http://www.novouzensk.ru/budget%20for%20people/
A35: 27 | B35: Озинский | C35: Опубликованы за все отчетные периоды и отвечают всем требованиям | D35: Word | F35: =IF(C35=$C$5,1,0) -> 1 | J35: =F35*(1-G35)*(1-H35)*(1-I35) -> 1 | K35: http://ozinki.sarmo.ru/byudzhet/ispolnenie-byudzheta.php?ELEMENT_ID=110 | L35: Раздел не структурирован.
A36: 28 | B36: Перелюбский | C36: Не опубликованы или публикуются нерегулярно, или не отвечают требованиям | F36: =IF(C36=$C$5,1,0) -> 0 | J36: =F36*(1-G36)*(1-H36)*(1-I36) -> 0 | L36: На сайте информация не опубликована.
A37: 29 | B37: Петровский | C37: Опубликованы за все отчетные периоды и отвечают всем требованиям | D37: Excel | F37: =IF(C37=$C$5,1,0) -> 1 | J37: =F37*(1-G37)*(1-H37)*(1-I37) -> 1 | K37: http://petrovsk64.ru/sub-org/fin-upr/otkrytyy-byudzhet/otchetnost/
A38: 30 | B38: Питерский | C38: Не опубликованы или публикуются нерегулярно, или не отвечают требованиям | D38: Word | F38: =IF(C38=$C$5,1,0) -> 0 | J38: =F38*(1-G38)*(1-H38)*(1-I38) -> 0 | K38: http://piterka.sarmo.ru/byudzhet-piterskogo-mr/informatsiya-o-munitsipalnom-dolge/2016/index.php | L38: В целях оценки показателя учитывается публикация сведений об объеме муниципального долга муниципального образования на начало и на конец отчетного периода
A39: 31 | B39: Пугачевский | C39: Не опубликованы или публикуются нерегулярно, или не отвечают требованиям | F39: =IF(C39=$C$5,1,0) -> 0 | J39: =F39*(1-G39)*(1-H39)*(1-I39) -> 0 | L39: На сайте информация не опубликована.
A40: 32 | B40: Ровенский | C40: Опубликованы за все отчетные периоды и отвечают всем требованиям | D40: Excel | F40: =IF(C40=$C$5,1,0) -> 1 | J40: =F40*(1-G40)*(1-H40)*(1-I40) -> 1 | K40: http://rovnoe.sarmo.ru/byudzhet/ispolnenie-byudzheta-munitsipalnogo-rayona/2016-god2/
A41: 33 | B41: Романовский | C41: Не опубликованы или публикуются нерегулярно, или не отвечают требованиям | D41: Excel | F41: =IF(C41=$C$5,1,0) -> 0 | J41: =F41*(1-G41)*(1-H41)*(1-I41) -> 0 | K41: http://romanovka.sarmo.ru/byudzhet-dlya-grazhdan/byudzhet-romanovskogo-munitsipalnogo-rayona/ispolnenie-byudzheta-romanovskogo-munitsipalnogo-rayona-i-finansovyy-kontrol/otchetnost-ob-ispolnenii-byudzheta/ | L41: В целях оценки показателя учитывается публикация сведений об объеме муниципального долга муниципального образования на начало и на конец отчетного периода (отдельным файлом).
A42: 34 | B42: Ртищевский | C42: Опубликованы за все отчетные периоды и отвечают всем требованиям | D42: Excel | F42: =IF(C42=$C$5,1,0) -> 1 | J42: =F42*(1-G42)*(1-H42)*(1-I42) -> 1 | K42: http://rtishevo.sarmo.ru/finansovyy-organ/rtishchevskiy-munitsipalnyy-rayon/2016-god/dokumenty-o-khode-ispolneniya-byudzheta-munitsipalnogo-rayona.php | L42: Для наглядности желательно в последующих файлах отражать информацию из предыдущих. К примеру, в файле на 01.10 хорошо бы видеть сведения не только на 01.01. и на 01.10. (что достаточно для оценки), но и на 01.04 и на 01.07.
A43: 35 | B43: Самойловский | C43: Опубликованы за все отчетные периоды и отвечают всем требованиям | D43: Excel | F43: =IF(C43=$C$5,1,0) -> 1 | J43: =F43*(1-G43)*(1-H43)*(1-I43) -> 1 | K43: http://sam64.ru/images/doc/2016/bud_01.05.2016.xls | L43: Для наглядности желательно в последующих файлах отражать информацию из предыдущих. К примеру, в файле на 01.10 хорошо бы видеть сведения не только на 01.01. и на 01.10. (что достаточно для оценки), но и на 01.04 и на 01.07. Обратите внимание: в следующий раз присылать конкретную ссылку на страницу, где находится документ(много лишних ссылок).
A44: 36 | B44: Саратовский | C44: Опубликованы за все отчетные периоды и отвечают всем требованиям | D44: Excel | F44: =IF(C44=$C$5,1,0) -> 1 | J44: =F44*(1-G44)*(1-H44)*(1-I44) -> 1 | K44: http://saratov.sarmo.ru/index.php?option=com_content&view=article&id=5125&Itemid=555 | L44: Для наглядности желательно в последующих файлах отражать информацию из предыдущих. К примеру, в файле на 01.10 хорошо бы видеть сведения не только на 01.01. и на 01.10. (что достаточно для оценки), но и на 01.04 и на 01.07.
A45: 37 | B45: Советский | C45: Не опубликованы или публикуются нерегулярно, или не отвечают требованиям | D45: Excel | F45: =IF(C45=$C$5,1,0) -> 0 | J45: =F45*(1-G45)*(1-H45)*(1-I45) -> 0 | K45: http://stepnoeadm.ru/?page_id=4373 | L45: В целях оценки показателя учитывается публикация сведений об объеме муниципального долга муниципального образования на начало и на конец отчетного периода (в файлах сравнение план-факт). Для наглядности желательно в последующих файлах отражать информацию из предыдущих. К примеру, в файле на 01.10 хорошо бы видеть сведения не только на 01.01. и на 01.10. (что достаточно для оценки), но и на 01.04 и на 01.07.
A46: 38 | B46: Татищевский | C46: Опубликованы за все отчетные периоды и отвечают всем требованиям | D46: Word | F46: =IF(C46=$C$5,1,0) -> 1 | J46: =F46*(1-G46)*(1-H46)*(1-I46) -> 1 | K46: http://tatishevo.saratov.gov.ru/index.php?option=com_content&view=article&id=3168:2016-09-15-06-00-14&catid=64:2009-12-20-17-44-19&Itemid=91 | L46: Для наглядности желательно в последующих файлах отражать информацию из предыдущих. К примеру, в файле на 01.10 хорошо бы видеть сведения не только на 01.01. и на 01.10. (что достаточно для оценки), но и на 01.04 и на 01.07. Раздел не структурирован (есть активные ссылки 2014,2015 и 2016 год, а снизу информация по 2016 году отдельно).
A47: 39 | B47: Турковский | C47: Опубликованы за все отчетные периоды и отвечают всем требованиям | D47: Excel | E47: 6 кликов до документа | F47: =IF(C47=$C$5,1,0) -> 1 | H47: 0.5 | J47: =F47*(1-G47)*(1-H47)*(1-I47) -> 0.5 | K47: http://turki.sarmo.ru/sobranie-deputatov-turkovskogo-munitsipalnogo-rayona/dokumenty/byudzhet/byudzhet-turkovskogo-munitsipalnogo-rayona/index.php?sphrase_id=190 | L47: Для наглядности желательно в последующих файлах отражать информацию из предыдущих. К примеру, в файле на 01.10 хорошо бы видеть сведения не только на 01.01. и на 01.10. (что достаточно для оценки), но и на 01.04 и на 01.07.Раздел не структурирован по годам.
A48: 40 | B48: Федоровский | C48: Опубликованы за все отчетные периоды и отвечают всем требованиям | D48: Word | E48: Раздел называется «контроль», хотя с главной страницы переход через раздел «бюджет». | F48: =IF(C48=$C$5,1,0) -> 1 | H48: 0.5 | J48: =F48*(1-G48)*(1-H48)*(1-I48) -> 0.5 | K48: mokrous.fedrayon.ru ; http://mokrous.fedrayon.ru/index.php?option=com_content&view=article&id=291&Itemid=285 | L48: Для наглядности желательно в последующих файлах отражать информацию из предыдущих. К примеру, в файле на 01.10 хорошо бы видеть сведения не только на 01.01. и на 01.10. (что достаточно для оценки), но и на 01.04 и на 01.07. Слишком много информации на одной страниц! Раздел не структурирован.
A49: 41 | B49: Хвалынский | C49: Не опубликованы или публикуются нерегулярно, или не отвечают требованиям | D49: Excel | F49: =IF(C49=$C$5,1,0) -> 0 | J49: =F49*(1-G49)*(1-H49)*(1-I49) -> 0 | K49: http://hvalynsk.sarmo.ru/administratsiya-khvalynskogo-munitsipalnogo-rayona/byudzhet/svedeniya-ob-obeme-munitsipalnogo-dolga.php | L49: Отсутствуют сведения на 01.10.2016. Для наглядности желательно в последующих файлах отражать информацию из предыдущих. К примеру, в файле на 01.07 хорошо бы видеть сведения не только на 01.01. и на 01.07. (что достаточно для оценки), но и на 01.04.
A50: 42 | B50: Энгельсский | C50: Не опубликованы или публикуются нерегулярно, или не отвечают требованиям | F50: =IF(C50=$C$5,1,0) -> 0 | J50: =F50*(1-G50)*(1-H50)*(1-I50) -> 0 | L50: На сайте информация не опубликована.

Sheet Показатель 7.1
A1: 7.1. Информация о проведенных в текущем финансовом году контрольных мероприятиях контрольно-счетным органом муниципального образования на портале (сайте)
A2: Комментарий:
A3: ='Методика III этап'!B32 -> В целях оценки показателя учитываются контрольные мероприятия, предусмотренные планом контрольно-счетного органа муниципального образования в текущем году, срок реализации которых на дату проведения мониторинга завершен. В случае, если план контрольных мероприятий на текущий финансовый год не опубликован до 1 января соответствующего года, оценка показателя принимает значение 0 баллов. Информация о проведенном контрольном мероприятии должна быть опубликована в течение трех месяцев с даты завершения контрольного мероприятия. При нарушении указанного срока применяется понижающий коэффициент за несоблюдение сроков обеспечения доступа к бюджетным данным.
A4: № п/п | B4: Вопрос | C4: ='Методика III этап'!B31 -> Опубликование информации о проведенных в текущем финансовом году контрольных мероприятиях контрольно-счетным органом муниципального образования на портале (сайте) | D4: Формат | E4: Доступность (указать, если возникли трудности с поиском документа, если переход осуществляется более, чем за 5 «кликов» с основной страницы портала (сайта), если название раздела не соответствует содержанию) | F4: Оценка показателя 7.1 | K4: Ссылка на источник данных | L4: Комментарии
B5: Варианты ответов | C5: ='Методика III этап'!B33 -> Опубликована по результатам всех контрольных мероприятий, предусмотренных планом на текущий финансовый год, в том числе сведения о принятых объектом контроля решениях и мерах по направленным ему представлениям и предписаниям | D5: Word, Excel, PDF | F5: баллы | G5: понижающие коэффициенты | J5: Итого
C6: ='Методика III этап'!B34 -> Опубликована по результатам всех контрольных мероприятий, предусмотренных планом на текущий финансовый год, за исключением сведений о принятых объектом контроля решениях и мерах по направленным ему представлениям и предписаниям | G6: графический формат | H6: затруднен-ный поиск | I6: несоблюде-ние сроков
C7: ='Методика III этап'!B35 -> Не опубликована, или ее публикация носит несистемный характер (публикуются сведения по отдельным контрольным мероприятиям, предусмотренным планом на текущий финансовый год)
B8: Городские округа
A9: 1 | B9: г. Саратов | C9: Не опубликована, или ее публикация носит несистемный характер (публикуются сведения по отдельным контрольным мероприятиям, предусмотренным планом на текущий финансовый год) | D9: Web | E9: Отсутствует баннер (ссылка) на главной странице на сайт, где размещен документ. | F9: =IF(C9=$C$5,2,IF(C9=$C$6,1,0)) -> 0 | H9: 0.5 | J9: =F9*(1-G9)*(1-H9)*(1-I9) -> 0 | K9: http://www.kspsaratov.ru/?cat=5 | L9: На сайте контрольно-счетной палаты муниципального образования «Город Саратов» не найден план работы на 2016 год, т.е. нет возможности проверить, по результатам всех ли контрольных мероприятий опубликованы отчеты. В опубликованных отчетах отсутствуют сведения о принятых объектом контроля решениях и мерах по направленным ему представлениям и предписаниям.
A10: 2 | B10: ЗАТО Михайловское | C10: Опубликована по результатам всех контрольных мероприятий, предусмотренных планом на текущий финансовый год, в том числе сведения о принятых объектом контроля решениях и мерах по направленным ему представлениям и предписаниям | D10: Web | F10: =IF(C10=$C$5,2,IF(C10=$C$6,1,0)) -> 2 | J10: =F10*(1-G10)*(1-H10)*(1-I10) -> 2 | K10: http://mihailovski.ru/?mod=article&id=3213 | L10: Cведения о принятых объектом контроля решениях и мерах по направленным ему представлениям и предписаниям не прилагаются ввиду отсутствия нарушений по итогам проверок. Не предусмотрена возможность скачать размещаемую информацию.
A11: 3 | B11: ЗАТО Светлый | C11: Опубликована по результатам всех контрольных мероприятий, предусмотренных планом на текущий финансовый год, за исключением сведений о принятых объектом контроля решениях и мерах по направленным ему представлениям и предписаниям | D11: Web | F11: =IF(C11=$C$5,2,IF(C11=$C$6,1,0)) -> 1 | J11: =F11*(1-G11)*(1-H11)*(1-I11) -> 1 | K11: http://www.zatosvetly.ru/about/info/news/folder/folder1/folder/folder1/folder/folder/folder/ | L11: В опубликованной информации по результатам контрольного мероприятия, предусмотренного планом на текущий финансовый год, отсутствуют сведения о принятых объектом контроля решениях и мерах по направленным ему представлениям и предписаниям. Не предусмотрена возможность скачать документ.
A12: 4 | B12: ЗАТО Шиханы | C12: Не опубликована, или ее публикация носит несистемный характер (публикуются сведения по отдельным контрольным мероприятиям, предусмотренным планом на текущий финансовый год) | F12: =IF(C12=$C$5,2,IF(C12=$C$6,1,0)) -> 0 | J12: =F12*(1-G12)*(1-H12)*(1-I12) -> 0 | K12: http://zatoshihany.ru/sobranie/kontrolnaya/ | L12: На странице http://zatoshihany.ru/sobranie/acts/ информация не найдена. В целях оценки показателя учитываются контрольные мероприятия, предусмотренные планом контрольно-счетного органа муниципального образования в текущем году, срок реализации которых на дату проведения мониторинга завершен. Согласно Плану работы контрольно-счетной комиссии ЗАТО Шиханы на 2016 год в июне должна была проводиться проверка эффективного освоения бюджетных средств и использования муниципального имущества, находящегося на праве оперативного управления МКУ Управление делами в 2015 году. Информация о результатах указанного контрольного мероприятия на сайте не найдена.
B13: Муниципальные районы
A14: 5 | B14: Александрово-Гайский | C14: Не опубликована, или ее публикация носит несистемный характер (публикуются сведения по отдельным контрольным мероприятиям, предусмотренным планом на текущий финансовый год) | F14: =IF(C14=$C$5,2,IF(C14=$C$6,1,0)) -> 0 | J14: =F14*(1-G14)*(1-H14)*(1-I14) -> 0 | K14: http://algay.sarmo.ru/byudzhet-ekonomika-finansy/munitsipalnyy-finansovyy-kontorl.php | L14: На указанной странице размещаются акты проверок внутреннего муниципального финансового контроля за использованием бюджетных средств. В целях оценки показателя учитываются контрольные мероприятия, предусмотренные планом контрольно-счетного органа муниципального образования в текущем году, срок реализации которых на дату проведения мониторинга завершен. На сайте информации не найдено.
A15: 6 | B15: Аркадакский | C15: Не опубликована, или ее публикация носит несистемный характер (публикуются сведения по отдельным контрольным мероприятиям, предусмотренным планом на текущий финансовый год) | F15: =IF(C15=$C$5,2,IF(C15=$C$6,1,0)) -> 0 | J15: =F15*(1-G15)*(1-H15)*(1-I15) -> 0 | L15: Контрольно-счетный орган в муниципальном образовании не создан.
A16: 7 | B16: Аткарский | C16: Не опубликована, или ее публикация носит несистемный характер (публикуются сведения по отдельным контрольным мероприятиям, предусмотренным планом на текущий финансовый год) | F16: =IF(C16=$C$5,2,IF(C16=$C$6,1,0)) -> 0 | J16: =F16*(1-G16)*(1-H16)*(1-I16) -> 0 | K16: http://proatkarsk.ru/CityListArticles.aspx?categoryid=158 | L16: Информация о результатах контрольных мероприятий, предусмотренных пунктами 8 (Финансовое управление Администрации МР), 10-12 плана контрольно-счетной комиссии администрации МР на 2016 год, на сайте не найдена. В акте от 30.09.2016 года отсутствуют сведения о принятых объектом контроля решениях и мерах по направленным ему представлениям и предписаниям. Раздел не структурирован по годам.
A17: 8 | B17: Базарно-Карабулакский | C17: Не опубликована, или ее публикация носит несистемный характер (публикуются сведения по отдельным контрольным мероприятиям, предусмотренным планом на текущий финансовый год) | F17: =IF(C17=$C$5,2,IF(C17=$C$6,1,0)) -> 0 | J17: =F17*(1-G17)*(1-H17)*(1-I17) -> 0 | K17: http://bkarabulak.sarmo.ru/index.php?option=com_content&view=article&id=5142&Itemid=328 | L17: На указанной странице размещаются акты проверок внутреннего муниципального финансового контроля за использованием бюджетных средств. В целях оценки показателя учитываются контрольные мероприятия, предусмотренные планом контрольно-счетного органа муниципального образования в текущем году, срок реализации которых на дату проведения мониторинга завершен. На сайте информации не найдено.
A18: 9 | B18: Балаковский | C18: Опубликована по результатам всех контрольных мероприятий, предусмотренных планом на текущий финансовый год, за исключением сведений о принятых объектом контроля решениях и мерах по направленным ему представлениям и предписаниям | D18: Word | E18: Лишняя архивация одного файла. | F18: =IF(C18=$C$5,2,IF(C18=$C$6,1,0)) -> 1 | J18: =F18*(1-G18)*(1-H18)*(1-I18) -> 1 | K18: http://www.admbal.ru/page/proverki
A19: 10 | B19: Балашовский | C19: Не опубликована, или ее публикация носит несистемный характер (публикуются сведения по отдельным контрольным мероприятиям, предусмотренным планом на текущий финансовый год) | F19: =IF(C19=$C$5,2,IF(C19=$C$6,1,0)) -> 0 | J19: =F19*(1-G19)*(1-H19)*(1-I19) -> 0 | L19: Информация о проведенных в текущем финансовом году контрольных мероприятиях контрольно-счетным органом Балашовского муниципального района на сайте не публиковалась
A20: 11 | B20: Балтайский | C20: Не опубликована, или ее публикация носит несистемный характер (публикуются сведения по отдельным контрольным мероприятиям, предусмотренным планом на текущий финансовый год) | F20: =IF(C20=$C$5,2,IF(C20=$C$6,1,0)) -> 0 | J20: =F20*(1-G20)*(1-H20)*(1-I20) -> 0 | L20: На сайте информация не опубликована.
A21: 12 | B21: Вольский | C21: Не опубликована, или ее публикация носит несистемный характер (публикуются сведения по отдельным контрольным мероприятиям, предусмотренным планом на текущий финансовый год) | F21: =IF(C21=$C$5,2,IF(C21=$C$6,1,0)) -> 0 | J21: =F21*(1-G21)*(1-H21)*(1-I21) -> 0 | L21: На сайте информация не опубликована.
A22: 13 | B22: Воскресенский | C22: Не опубликована, или ее публикация носит несистемный характер (публикуются сведения по отдельным контрольным мероприятиям, предусмотренным планом на текущий финансовый год) | F22: =IF(C22=$C$5,2,IF(C22=$C$6,1,0)) -> 0 | J22: =F22*(1-G22)*(1-H22)*(1-I22) -> 0 | K22: http://voskresensk64.ru/meeting/mun-polnom/%D0%9A%D0%BE%D0%BD%D1%82%D1%80%D0%BE%D0%BB%D1%8C%D0%BD%D0%BE-%D1%81%D1%87%D0%B5%D1%82%D0%BD%D0%B0%D1%8F%20%D0%BA%D0%BE%D0%BC%D0%B8%D1%81%D1%81%D0%B8%D1%8F/index.php | L22: Отсутствует план контрольных мероприятий на год.
A23: 14 | B23: Дергачевский | C23: Не опубликована, или ее публикация носит несистемный характер (публикуются сведения по отдельным контрольным мероприятиям, предусмотренным планом на текущий финансовый год) | F23: =IF(C23=$C$5,2,IF(C23=$C$6,1,0)) -> 0 | J23: =F23*(1-G23)*(1-H23)*(1-I23) -> 0 | K23: http://dergachi.sarmo.ru/kontrolno-schetnyy-organ-dergachevskogo-munitsipalnogo-rayona/ | L23: По указанной ссылке опубликованы обобщенные отчеты о деятельности контрольно-счетного органа за 1 и 2 квартал, без детализации по каждому контрольному мероприятию.
A24: 15 | B24: Духовницкий | C24: Не опубликована, или ее публикация носит несистемный характер (публикуются сведения по отдельным контрольным мероприятиям, предусмотренным планом на текущий финансовый год) | F24: =IF(C24=$C$5,2,IF(C24=$C$6,1,0)) -> 0 | J24: =F24*(1-G24)*(1-H24)*(1-I24) -> 0 | K24: http://duhovnitskoe.sarmo.ru/kontrolno-revizionnaya-komissiya/
A25: 16 | B25: Екатериновский | C25: Не опубликована, или ее публикация носит несистемный характер (публикуются сведения по отдельным контрольным мероприятиям, предусмотренным планом на текущий финансовый год) | F25: =IF(C25=$C$5,2,IF(C25=$C$6,1,0)) -> 0 | J25: =F25*(1-G25)*(1-H25)*(1-I25) -> 0 | L25: На сайте информация не опубликована.
A26: 17 | B26: Ершовский | C26: Не опубликована, или ее публикация носит несистемный характер (публикуются сведения по отдельным контрольным мероприятиям, предусмотренным планом на текущий финансовый год) | F26: =IF(C26=$C$5,2,IF(C26=$C$6,1,0)) -> 0 | J26: =F26*(1-G26)*(1-H26)*(1-I26) -> 0 | K26: http://ershov.sarmo.ru/ershovskiy-munitsipalnyy-rayon/kontrolno-schetnaya-komissiya/ | L26: По указанной ссылке опубликован план на 1 (ссылка не активна) и 2 полугодие, отдельные заключения, а полная информация о проведенных в соответствии с планом мероприятиях отсутствует. Отчеты о контрольной деятельности, предусмотренные планом на 2 полугодие не опубликованы
A27: 18 | B27: Ивантеевский | C27: Не опубликована, или ее публикация носит несистемный характер (публикуются сведения по отдельным контрольным мероприятиям, предусмотренным планом на текущий финансовый год) | F27: =IF(C27=$C$5,2,IF(C27=$C$6,1,0)) -> 0 | J27: =F27*(1-G27)*(1-H27)*(1-I27) -> 0 | K27: http://ivanteevka.sarmo.ru/byudzhet-dlya-grazhdan/finansovyy-kontrol/kontrolnye-meropriyatiya/ | L27: На указанной странице размещаются справки о результатах внутреннего муниципального финансового контроля за использованием бюджетных средств. В целях оценки показателя учитываются контрольные мероприятия, предусмотренные планом контрольно-счетного органа муниципального образования в текущем году, срок реализации которых на дату проведения мониторинга завершен. На сайте информации не найдено.
A28: 19 | B28: Калининский | C28: Не опубликована, или ее публикация носит несистемный характер (публикуются сведения по отдельным контрольным мероприятиям, предусмотренным планом на текущий финансовый год) | F28: =IF(C28=$C$5,2,IF(C28=$C$6,1,0)) -> 0 | J28: =F28*(1-G28)*(1-H28)*(1-I28) -> 0 | K28: http://kalininsk.sarmo.ru/kontrolno-schetnaya-komissiya/otchety/ | L28: За 2016 год информация не опубликована.
A29: 20 | B29: Красноармейский | C29: Не опубликована, или ее публикация носит несистемный характер (публикуются сведения по отдельным контрольным мероприятиям, предусмотренным планом на текущий финансовый год) | F29: =IF(C29=$C$5,2,IF(C29=$C$6,1,0)) -> 0 | J29: =F29*(1-G29)*(1-H29)*(1-I29) -> 0 | L29: На сайте информация не опубликована.
A30: 21 | B30: Краснокутский | C30: Не опубликована, или ее публикация носит несистемный характер (публикуются сведения по отдельным контрольным мероприятиям, предусмотренным планом на текущий финансовый год) | F30: =IF(C30=$C$5,2,IF(C30=$C$6,1,0)) -> 0 | J30: =F30*(1-G30)*(1-H30)*(1-I30) -> 0 | K30: http://krasny-kut.ru/municipal_noe_sobranie/kontrol_no-schetnaya_komissiya/ | L30: По указанной ссылке опубликованы положение и общая информация о контрольно-счетной комиссии района. Публикация плана деятельности на текущий год и результатов проведенных контрольных мероприятий отсутствует.
A31: 22 | B31: Краснопартизанский | C31: Не опубликована, или ее публикация носит несистемный характер (публикуются сведения по отдельным контрольным мероприятиям, предусмотренным планом на текущий финансовый год) | F31: =IF(C31=$C$5,2,IF(C31=$C$6,1,0)) -> 0 | J31: =F31*(1-G31)*(1-H31)*(1-I31) -> 0 | K31: http://gornyi.sarmo.ru/index.php?option=com_content&view=article&id=641&Itemid=248 | L31: За 2016 год информация не опубликована.
A32: 23 | B32: Лысогорский | C32: Не опубликована, или ее публикация носит несистемный характер (публикуются сведения по отдельным контрольным мероприятиям, предусмотренным планом на текущий финансовый год) | F32: =IF(C32=$C$5,2,IF(C32=$C$6,1,0)) -> 0 | J32: =F32*(1-G32)*(1-H32)*(1-I32) -> 0 | K32: http://adm.lysyegory.ru/base/2485-informacija-o-provedennyh-v-2016-godu-kontrolnyh-meroprijatijah-kontrolno-schetnym-organom-municipalnogo-raiona.html | L32: За 2016 год информация не опубликована.
A33: 24 | B33: Марксовский | C33: Не опубликована, или ее публикация носит несистемный характер (публикуются сведения по отдельным контрольным мероприятиям, предусмотренным планом на текущий финансовый год) | D33: Word | F33: =IF(C33=$C$5,2,IF(C33=$C$6,1,0)) -> 0 | J33: =F33*(1-G33)*(1-H33)*(1-I33) -> 0 | K33: http://marksadm.ru/kontrol.html | L33: Не по всем контрольным мероприятиям плана работы КСК на 2016 год опубликованы отчеты. Раздел не структурирован.
A34: 25 | B34: Новобурасский | C34: Опубликована по результатам всех контрольных мероприятий, предусмотренных планом на текущий финансовый год, за исключением сведений о принятых объектом контроля решениях и мерах по направленным ему представлениям и предписаниям | D34: Word | F34: =IF(C34=$C$5,2,IF(C34=$C$6,1,0)) -> 1 | J34: =F34*(1-G34)*(1-H34)*(1-I34) -> 1 | K34: http://www.admnburasy.ru/kck.htm | L34: Обратите внимание: в следующий раз присылать конкретную ссылку на страницу, где находится документ.
A35: 26 | B35: Новоузенский | C35: Не опубликована, или ее публикация носит несистемный характер (публикуются сведения по отдельным контрольным мероприятиям, предусмотренным планом на текущий финансовый год) | F35: =IF(C35=$C$5,2,IF(C35=$C$6,1,0)) -> 0 | J35: =F35*(1-G35)*(1-H35)*(1-I35) -> 0 | K35: http://www.novouzensk.ru/the-control-and-audit-commission/ | L35: Ошибка на сайте. При нажатии на план работы КСК происходит переход на категории мун.услуг, при попытке просмотреть квартальные отчеты о деятельности ссылки переводят на раздел «карта сайта».
A36: 27 | B36: Озинский | C36: Не опубликована, или ее публикация носит несистемный характер (публикуются сведения по отдельным контрольным мероприятиям, предусмотренным планом на текущий финансовый год) | D36: Word | F36: =IF(C36=$C$5,2,IF(C36=$C$6,1,0)) -> 0 | J36: =F36*(1-G36)*(1-H36)*(1-I36) -> 0 | K36: http://ozinki.sarmo.ru/byudzhet/finansovyy-kontrol/ | L36: На указанной странице размещен отчет о работе контрольно-счетного органа за 1 полугодие 2016 год. В отчете отсутствует конкретная информация по каждому контрольному мероприятию (выявленные нарушения, вынесенные предписания, сведения о принятых объектом контроля решениях и мерах по направленным ему представлениям и предписаниям).
A37: 28 | B37: Перелюбский | C37: Не опубликована, или ее публикация носит несистемный характер (публикуются сведения по отдельным контрольным мероприятиям, предусмотренным планом на текущий финансовый год) | F37: =IF(C37=$C$5,2,IF(C37=$C$6,1,0)) -> 0 | J37: =F37*(1-G37)*(1-H37)*(1-I37) -> 0 | L37: На сайте информация не опубликована.
A38: 29 | B38: Петровский | C38: Не опубликована, или ее публикация носит несистемный характер (публикуются сведения по отдельным контрольным мероприятиям, предусмотренным планом на текущий финансовый год) | D38: Web, Pdf | F38: =IF(C38=$C$5,2,IF(C38=$C$6,1,0)) -> 0 | J38: =F38*(1-G38)*(1-H38)*(1-I38) -> 0 | K38: http://petrovsk64.ru/sub-org/fin-upr/dokumenty/informaciya-ksk/ | L38: План работы КСК не найден в соответствующем разделе. Проверить полноту публикации в соответствии с планом нет возможности.
A39: 30 | B39: Питерский | C39: Не опубликована, или ее публикация носит несистемный характер (публикуются сведения по отдельным контрольным мероприятиям, предусмотренным планом на текущий финансовый год) | F39: =IF(C39=$C$5,2,IF(C39=$C$6,1,0)) -> 0 | J39: =F39*(1-G39)*(1-H39)*(1-I39) -> 0 | L39: Ссылка не предоставлена, на сайте информация не найдена.
A40: 31 | B40: Пугачевский | C40: Не опубликована, или ее публикация носит несистемный характер (публикуются сведения по отдельным контрольным мероприятиям, предусмотренным планом на текущий финансовый год) | F40: =IF(C40=$C$5,2,IF(C40=$C$6,1,0)) -> 0 | J40: =F40*(1-G40)*(1-H40)*(1-I40) -> 0 | L40: На сайте информация не опубликована.
A41: 32 | B41: Ровенский | C41: Не опубликована, или ее публикация носит несистемный характер (публикуются сведения по отдельным контрольным мероприятиям, предусмотренным планом на текущий финансовый год) | F41: =IF(C41=$C$5,2,IF(C41=$C$6,1,0)) -> 0 | J41: =F41*(1-G41)*(1-H41)*(1-I41) -> 0 | K41: http://rovnoe.sarmo.ru/sobranie-amr/kontrolno-schetnaya-komissiya/otchety.php | L41: Отчеты по 2016 году отсутствуют. Обратите внимание: в следующий раз присылать конкретную ссылку на страницу, где находится документ.
A42: 33 | B42: Романовский | C42: Не опубликована, или ее публикация носит несистемный характер (публикуются сведения по отдельным контрольным мероприятиям, предусмотренным планом на текущий финансовый год) | F42: =IF(C42=$C$5,2,IF(C42=$C$6,1,0)) -> 0 | J42: =F42*(1-G42)*(1-H42)*(1-I42) -> 0 | K42: http://romanovka.sarmo.ru/organy-mestnogo-samoupravleniya/predstavitelnaya-vlast/kontrolno-schetnaya-komissiya/ | L42: По предоставленной ссылке (http://romanovka.sarmo.ru/byudzhet-dlya-grazhdan/byudzhet-romanovskogo-munitsipalnogo-rayona/ispolnenie-byudzheta-romanovskogo-munitsipalnogo-rayona-i-finansovyy-kontrol/finansovyy-kontrol/) информация о внутреннем финансовом контроле.В целях оценки показателя учитываются контрольные мероприятия, предусмотренные планом контрольно-счетного органа муниципального образования в текущем году, срок реализации которых на дату проведения мониторинга завершен. В разделе «Контрольно-счетная комиссия Романовского муниципального района» информация только о составе комиссии.
A43: 34 | B43: Ртищевский | C43: Не опубликована, или ее публикация носит несистемный характер (публикуются сведения по отдельным контрольным мероприятиям, предусмотренным планом на текущий финансовый год) | F43: =IF(C43=$C$5,2,IF(C43=$C$6,1,0)) -> 0 | J43: =F43*(1-G43)*(1-H43)*(1-I43) -> 0 | K43: http://rtishevo.sarmo.ru/predstavitelnyy-organ-munitsipalnogo-rayona/kontrolno-schyetnaya-komissiya/ | L43: На указанной странице информации о проведенных в текущем финансовом году контрольных мероприятиях контрольно-счетной комиссии Ртищевского муниципального района не обнаружено. В разделе «Информация о результатах проверок» информация отсутствует (http://rtishevo.sarmo.ru/finansovyy-organ/rtishchevskiy-munitsipalnyy-rayon/2016-god/informatsiya-o-rezultatakh-proverok.php).
A44: 35 | B44: Самойловский | C44: Не опубликована, или ее публикация носит несистемный характер (публикуются сведения по отдельным контрольным мероприятиям, предусмотренным планом на текущий финансовый год) | F44: =IF(C44=$C$5,2,IF(C44=$C$6,1,0)) -> 0 | J44: =F44*(1-G44)*(1-H44)*(1-I44) -> 0 | K44: http://sam64.ru/index.php?option=com_content&view=article&id=737&Itemid=254 | L44: На указанной странице отсутствует план работы КСК на текущмй год и результаты по каждому контрольному мероприятию (выявленные нарушения, вынесенные предписания, сведения о принятых объектом контроля решениях и мерах по направленным ему представлениям и предписаниям). Обратите внимание: в следующий раз присылать конкретную ссылку на страницу, где находится документ(много лишних ссылок).
A45: 36 | B45: Саратовский | C45: Опубликована по результатам всех контрольных мероприятий, предусмотренных планом на текущий финансовый год, за исключением сведений о принятых объектом контроля решениях и мерах по направленным ему представлениям и предписаниям | D45: Web | F45: =IF(C45=$C$5,2,IF(C45=$C$6,1,0)) -> 1 | J45: =F45*(1-G45)*(1-H45)*(1-I45) -> 1 | K45: http://saratov.sarmo.ru/index.php?option=com_content&view=category&layout=blog&id=161&Itemid=451 | L45: По предоставленной ссылке (http://saratov.sarmo.ru/index.php?option=com_content&view=article&id=5159&Itemid=588/) информация о внутреннем финансовом контроле. Согласно плану работы КСК проведено только 1 контрольное мероприятие.
A46: 37 | B46: Советский | C46: Опубликована по результатам всех контрольных мероприятий, предусмотренных планом на текущий финансовый год, за исключением сведений о принятых объектом контроля решениях и мерах по направленным ему представлениям и предписаниям | D46: Word | E46: 6 кликов до документа | F46: =IF(C46=$C$5,2,IF(C46=$C$6,1,0)) -> 1 | H46: 0.5 | J46: =F46*(1-G46)*(1-H46)*(1-I46) -> 0.5 | K46: http://stepnoeadm.ru/?page_id=54 | L46: По предоставленной ссылке (http://stepnoeadm.ru/?page_id=296) информация о внутреннем финансовом контроле.
A47: 38 | B47: Татищевский | C47: Опубликована по результатам всех контрольных мероприятий, предусмотренных планом на текущий финансовый год, в том числе сведения о принятых объектом контроля решениях и мерах по направленным ему представлениям и предписаниям | D47: Pdf | F47: =IF(C47=$C$5,2,IF(C47=$C$6,1,0)) -> 2 | J47: =F47*(1-G47)*(1-H47)*(1-I47) -> 2 | K47: http://tatishevo.saratov.gov.ru/index.php?option=com_content&view=article&id=3040:2016-06-30-08-54-19&catid=64:2009-12-20-17-44-19&Itemid=9
A48: 39 | B48: Турковский | C48: Не опубликована, или ее публикация носит несистемный характер (публикуются сведения по отдельным контрольным мероприятиям, предусмотренным планом на текущий финансовый год) | F48: =IF(C48=$C$5,2,IF(C48=$C$6,1,0)) -> 0 | J48: =F48*(1-G48)*(1-H48)*(1-I48) -> 0 | L48: На сайте информация не опубликована.
A49: 40 | B49: Федоровский | C49: Не опубликована, или ее публикация носит несистемный характер (публикуются сведения по отдельным контрольным мероприятиям, предусмотренным планом на текущий финансовый год) | F49: =IF(C49=$C$5,2,IF(C49=$C$6,1,0)) -> 0 | J49: =F49*(1-G49)*(1-H49)*(1-I49) -> 0 | L49: На сайте информация не опубликована.
A50: 41 | B50: Хвалынский | C50: Не опубликована, или ее публикация носит несистемный характер (публикуются сведения по отдельным контрольным мероприятиям, предусмотренным планом на текущий финансовый год) | F50: =IF(C50=$C$5,2,IF(C50=$C$6,1,0)) -> 0 | J50: =F50*(1-G50)*(1-H50)*(1-I50) -> 0 | L50: На сайте информация не опубликована.
A51: 42 | B51: Энгельсский | C51: Не опубликована, или ее публикация носит несистемный характер (публикуются сведения по отдельным контрольным мероприятиям, предусмотренным планом на текущий финансовый год) | F51: =IF(C51=$C$5,2,IF(C51=$C$6,1,0)) -> 0 | J51: =F51*(1-G51)*(1-H51)*(1-I51) -> 0 | K51: http://www.engels-city.ru/depsraion/17062 | L51: По предоставленной ссылке информация о проведенных контрольных мероприятиях за 2016 год не опубликована.

Sheet Параметры
A1: Календарный период | B1: 2015
A3: Форматы | B3: машиночитаемый
B4: графический | C4: 0.5
